 Dungeon Crawl Stone Soup version 0.32-a0-798-gfa783ce77f (webtiles) character file.

Game seed: 1061965956949749969

1538146 NormalPerson7 the Slayer (level 26, 237/237 HPs)
             Began as a Grey Draconian Chaos Knight on Mar 21, 2024.
             Was a Favourite Plaything of Xom.
             Escaped with the Orb
             ... and 3 runes on Mar 22, 2024!
             The game lasted 05:41:54 (84481 turns).

NormalPerson7 the Slayer (DrCK)                    Turns: 84481, Time: 05:41:54

Health: 237/237    AC: 27    Str: 21 (22) XL:     26   Next: 79%
Magic:  36/36      EV: 19    Int: 15 (16) God:    Xom [....*.]
Gold:   4156       SH: 27    Dex: 15      Spells: 3/43 levels left

rFire   + + .        R - +9 demon trident (vamp)
rCold   + + .        w - +6 tower shield
rNeg    + . .        (body armour unavailable)
rPois   +            u - +2 hat
rElec   +            s - +2 cloak {rF+}
rCorr   .            q - +1 pair of gloves of the Seven Dreams {^Contam rElec Dex+4}
SInv    .            Y - +2 pair of boots {rampage}
Will    ++...        d - amulet of regeneration
Stlth   +            F - ring of protection from fire
HPRegen 1.39/turn    g - ring "Qiry" {rC+ rN+ Will+ Int-5}
MPRegen 0.25/turn

%: rampage
@: maw-form, flying, studying 2 skills
A: devouring maw, flying, mud breath, mud-swimmer, AC +17, amphibious, unfitting
armour, cold-blooded, big wings, hooves 1, horns 1, stinger 1, thin skeletal
structure 1, clever 1, cold resistance 1, deterioration 1, frail 1, poison
resistance, inhibited regeneration, subdued magic 1, MP-powered wands
0: Orb of Zot
}: 3/15 runes: decaying, slimy, gossamer
a: Mud Breath, Begin Untransformation, Renounce Religion


You escaped.
You worshipped Xom.
You were a beloved toy of Xom.
You were a creature with a mouth for a stomach.
You visited 11 branches of the dungeon, and saw 54 of its levels.
You visited 1 bazaar.
You also visited: Sewer, Bailey, Volcano and Wizlab.

You collected 10146 gold pieces.
You spent 5990 gold pieces at shops.

Inventory:

Hand Weapons
 R - a +9 vampiric demon trident (weapon)
Missiles
 M - 2 throwing nets (quivered) {!f}
 T - 12 curare-tipped darts
Armour
 q - the +1 pair of gloves of the Seven Dreams (worn) {^Contam rElec Dex+4}
   (You bought it in a shop in a bazaar)

   Dex+4:     It affects your dexterity (+4).
   rElec:     It insulates you from electricity.
   ^Contam:   It causes magical contamination when unequipped.
 s - a +2 cloak of fire resistance (worn)
 u - a +2 hat (worn)
 w - a +6 tower shield (worn)
 Q - a +0 cloak of poison resistance
 Y - a +2 pair of boots of rampaging (worn)
Magical Staves
 i - the staff of the Crafting Gods {Fly rF- rC++ rN+ Dex+5 Necro}
   (You found it on level 9 of the Dungeon)

   [staff of death]

   Base accuracy: +5 Base damage: 5 Base attack delay: 1.2 This weapon's minimum
   attack delay (0.6) is reached at skill level 12.
   Dex+5:     It affects your dexterity (+5).
   rF-:       It makes you vulnerable to fire.
   rC++:      It greatly protects you from cold.
   rN+:       It protects you from negative energy.
   Fly:       It grants you flight.
   Necro:     It increases the power of your Necromancy spells.
   It falls into the 'Staves' category.
   It is a one-handed weapon.
Jewellery
 d - an amulet of regeneration (around neck)
 g - the ring "Qiry" (right hand) {rC+ rN+ Will+ Int-5}
   (You found it on level 1 of the Crypt)

   [ring of willpower]

   Int-5:     It affects your intelligence (-5).
   rC+:       It protects you from cold.
   rN+:       It protects you from negative energy.
   Will+:     It increases your willpower.
 v - a ring of wizardry
 A - the ring of the Kraken {Will+ AC+4 SInv}
   (You took it off a white draconian on level 1 of the Realm of Zot)

   [ring of protection]

   AC+4:      It affects your AC (+4).
   Will+:     It increases your willpower.
   SInv:      It lets you see invisible.
 C - the ring of the Hare {EV+10}
   (You found it on level 5 of the Pits of Slime)

   [ring of evasion]

   EV+10:     It affects your evasion (+10).
 F - a ring of protection from fire (left hand)
 U - the ring "Waunitz" {rElec rCorr MP+9 EV+5 Dex+2}
   (You bought it in a shop on level 8 of the Dungeon)

   [ring of evasion]

   EV+5:      It affects your evasion (+5).
   Dex+2:     It affects your dexterity (+2).
   rElec:     It insulates you from electricity.
   MP+9:      It affects your magic capacity (+9).
   rCorr:     It protects you from acid and corrosion.
Wands
 m - a wand of quicksilver (27)
 y - a wand of iceblast (18)
 z - a wand of mindburst (38)
 K - a wand of digging (2)
 O - a wand of polymorph (28)
 P - a wand of paralysis (50)
Scrolls
 a - 2 scrolls of silence
 b - 3 scrolls of butterflies {!r}
 n - 13 scrolls of vulnerability
 t - a scroll of teleportation
 x - 3 scrolls of blinking
 E - 9 scrolls of immolation
 G - 12 scrolls of poison
 L - 2 scrolls of fog
Potions
 c - 18 potions of curing
 e - 10 potions of enlightenment
 h - 4 potions of heal wounds
 j - 11 potions of brilliance
 k - 8 potions of lignification
 l - 4 potions of cancellation
 o - 7 potions of mutation
 p - 3 potions of resistance
 r - 3 potions of ambrosia
 I - 3 potions of berserk rage
 J - 5 potions of magic
 N - 7 potions of might
 S - 4 potions of attraction
 V - 2 potions of invisibility
Miscellaneous
 B - a lightning rod (4/4)
 D - a condenser vane (inert)
 X - a phial of floods


   Skills:
 * Level 26.6 Fighting
 - Level 16.0 Polearms
 - Level 16.8 Dodging
 - Level 3.0 Stealth
 + Level 20.6 Shields
 - Level 9.0 Spellcasting
 - Level 14.0 Conjurations
 - Level 14.0 Necromancy
 - Level 3.0 Translocations
 - Level 14.0 Ice Magic
 - Level 3.0 Air Magic
 - Level 18.0 Earth Magic
 - Level 7.0 Alchemy
 - Level 12.0 Evocations
 - Level 10.0 Shapeshifting


You had 3 spell levels left.
You knew the following spells:

 Your Spells              Type           Power      Damage    Failure   Level
c - Mephitic Cloud        Conj/Alch/Air  23%        N/A       1%          3
d - Lee's Rapid Deconstr  Erth           23%        3d13*     1%          5
e - Permafrost Eruption   Ice/Erth       21%        2x4d7     2%          6
u - Dispel Undead         Necr           37%        3d15      1%          4
v - Borgnjor's Vile Clut  Necr/Erth      21%        N/A       1%          5
x - Bombard               Conj/Erth      21%        9d4       2%          6
C - Death Channel         Necr           18%        N/A       7%          6
L - Passwall              Erth           46%        N/A       0%          3
X - Blink                 Tloc           24%        N/A       6%          2

Your spell library contained the following spells:

 Spells                   Type           Power      Damage    Failure   Level
 Foxfire                  Conj/Fire      84%        2x1d8     1%          1
 Kiss of Death            Conj/Necr      100%       2d13      1%          1
 Magic Dart               Conj           100%       1d8       1%          1
 Necrotise                Necr           100%       1d9       1%          1
 Shock                    Conj/Air       96%        1d9       1%          1
 Sting                    Conj/Alch      100%       1d9       1%          1
 Cigotuvi's Dreadful Rot  Necr/Alch/Air  46%        N/A       1%          2
 Ensorcelled Hibernation  Hex/Ice        42%        N/A       1%          2
 Momentum Strike          Conj/Tloc      48%        3d9       1%          2
 Searing Ray              Conj           74%        2d7       1%          2
 Static Discharge         Conj/Air       48%        3-5/arc   1%          2
 Sublimation of Blood     Necr           37%        N/A       1%          2
 Fugue of the Fallen      Necr           37%        N/A       1%          3
 Hailstorm                Conj/Ice       37%        3d9       1%          3
 Mercury Vapours          Alch/Air       32%        N/A       2%          2
 Dazzling Flash           Conj/Hex       42%        N/A       2%          3
 Summon Ice Beast         Ice/Summ       21%        N/A       2%          3
 Gell's Gravitas          Tloc           12%        N/A       13%         3
 Swiftness                Air            12%        N/A       13%         3
 Summon Small Mammal      Summ           20%        N/A       16%         1
 Call Imp                 Summ           10%        N/A       22%         2
 Scorch                   Fire           10%        2d5       22%         2
 Volatile Blastmotes      Fire/Tloc      16%        2d11      24%         3
 Confusing Touch          Hex            5%         N/A       43%         3
 Inner Flame              Hex/Fire       5%         N/A       43%         3
 Tukima's Dance           Hex            5%         N/A       43%         3
 Animate Dead             Necr           37%        N/A       1%          4
 Fulminant Prism          Conj/Alch      14%        3d8       1%          4
 Leda's Liquefaction      Alch/Erth      17%        N/A       1%          4
 Petrify                  Alch/Erth      34%        N/A       1%          4
 Iskenderun's Battlesphe  Conj           37%        2d9       1%          5
 Iskenderun's Mystic Bla  Conj/Tloc      24%        2d7       4%          4
 Freezing Cloud           Conj/Ice/Air   14%        6-21      6%          5
 Anguish                  Hex/Necr       10%        N/A       8%          4
 Flame Wave               Conj/Fire      21%        2d8       8%          4
 Olgreb's Toxic Radiance  Alch           21%        N/A       8%          4
 Alistair's Intoxication  Alch           14%        N/A       24%         5
 Metabolic Englaciation   Hex/Ice        10%        N/A       24%         5
 Sculpt Simulacrum        Ice/Alch       14%        N/A       32%         6
 Ignite Poison            Fire/Alch      13%        N/A       34%         4
 Sticky Flame             Fire/Alch      13%        2d5       34%         4
 Ozocubu's Refrigeration  Ice            18%        4d11      38%         7
 Airstrike                Air            6%         2d(1-17)  41%         4
 Manifold Assault         Tloc           12%        N/A       41%         4
 Conjure Ball Lightning   Conj/Air       12%        3x3d6     58%         6
 Dimensional Bullseye     Hex/Tloc       4%         N/A       63%         4
 Starburst                Conj/Fire      10%        6d5       80%         6
 Lehudib's Crystal Spear  Conj/Erth      21%        10d6      83%         8
 Summon Blazeheart Golem  Fire/Summ      5%         N/A       85%         4
 Summon Forest            Summ/Tloc      4%         N/A       94%         5
 Borgnjor's Revivificati  Necr           18%        N/A       98%         8
 Infestation              Necr           18%        N/A       98%         8
 Summon Mana Viper        Hex/Summ       5%         N/A       99%         5
 Dispersal                Tloc           6%         N/A       100%        6
 Summon Cactus Giant      Summ           2%         N/A       100%        6
 Haunt                    Necr/Summ      10%        N/A       100%        7
 Monstrous Menagerie      Summ           2%         N/A       100%        7
 Spellforged Servitor     Conj/Summ      10%        N/A       100%        7
 Discord                  Hex            2%         N/A       100%        8
 Disjunction              Tloc           6%         N/A       100%        8
 Ignition                 Fire           2%         3d3       100%        8
 Maxwell's Capacitive Co  Air            6%         ∞         100%        8
 Summon Horrible Things   Summ           2%         N/A       100%        8
 Polar Vortex             Ice            18%        12d2*     100%        9


Dungeon Overview and Level Annotations

Branches:
Dungeon (15/15)            Temple (0/1) D:6            Lair (5/5) D:9
  Swamp (4/4) Lair:2       Spider (4/4) Lair:2        Slime (5/5) Lair:5
    Orc (2/2) D:9             Elf (3/3) Orc:2        Vaults (4/5) D:13
  Crypt (3/3) Vaults:3       Tomb (0/3) Crypt:3      Depths (4/4) D:15
    Zot (5/5) Depths:4      Sewer (visited)          Bailey (visited)
Volcano (visited)          WizLab (visited)

Altars:
Cheibriados
Dithmenos
Elyvilon
Fedhas
Gozag
Hepliaklqana
Kikubaaqudgha
Nemelex Xobeh
Okawaru
Uskayaw
Wu Jian
Xom
Yredelemnul
Zin
The Shining One
Beogh
Jiyva

Shops:
D:2 =   D:8 =   D:10 !   Orc:2 [?!!   Elf:1 (*   Elf:2 *   Vaults:4 *
Depths:1 :   Depths:4 =::

Portals:
Hell: Depths:1 Depths:2 Depths:3 Depths:4
Abyss: Depths:1 Depths:3
Pandemonium: Depths:1 Depths:2
Ziggurat: Depths:4*

Annotations:
D:9 1 runed translucent door
D:11 exclusion: two-headed ogre
D:14 3 runed translucent doors
Lair:2 exclusion: oklob plant
Lair:4 3 runed translucent doors, Egailiyk's ghost, journeyman GrEE
Depths:3 2 runed translucent doors, exclusion: orange crystal statue


Innate Abilities, Weirdness & Mutations

You are a creature with a mouth for a stomach.
Your midsection houses a second, enormous mouth.
You are flying.
You can breathe torrents of mud.
You are unimpeded by mud.
Your dull iron-grey scales are very hard. (AC +17)
You are amphibious.
You cannot fit into any form of body armour.
You are cold-blooded and may be slowed by cold attacks.
Your large and strong wings let you fly.
You have large cloven feet.
You have a pair of small horns on your head.
Your tail ends in a venomous barb.
You have a somewhat thin skeletal structure. (Dex +2, Stealth+)
Your mind is acute. (Int +4, Str/Dex -1)
Your flesh is cold resistant. (rC+)
Your body sometimes deteriorates upon taking damage.
You are frail. (-10% HP)
Your system is resistant to poisons. (rPois)
You do not regenerate when monsters are visible.
Your spells are a little easier to cast, but a little less powerful.
You expend magic power (3 MP) to strengthen your wands.


Message History

You hit the hell hog. You tail-slap the hell hog.
The hell hog is poisoned.
You bite the hell hog!
The hell hog is heavily wounded.
You block the hell hog's attack.
You impale the hell hog!!
You devour the hell hog!
You feel better.
You kill the hell hog!
There is a stone staircase leading down here.
(D) Dungeon (T) Temple (L) Lair (S) Swamp (N) Spider Nest (M) Slime Pits (O) Orcish Mines (E) Elven Halls (V) Vaults (C) Crypt (W) Tomb (U) Depths (H) Hell (Z) Zot
Where to? (Tab/Enter - D:1 @ (x,y), ? - help)
You see here a flux talisman.
A blizzard demon comes into view.
The blizzard demon shouts!
The blizzard demon gestures at you. The bolt of lightning misses you. x2
You impale the blizzard demon!!
Your headbutt misses the blizzard demon.
You tail-slap the blizzard demon. You bite the blizzard demon!
The blizzard demon is severely wounded.
You hit the blizzard demon but do no damage.
You headbutt the blizzard demon, but do no damage.
The blizzard demon is severely wounded.
You block the blizzard demon's attack. x2
You impale the blizzard demon!!
Your tail-slap misses the blizzard demon.
You bite the blizzard demon, but do no damage.
The blizzard demon is almost dead.
You puncture the blizzard demon!
You kill the blizzard demon!
No target in view!
(D) Dungeon (T) Temple (L) Lair (S) Swamp (N) Spider Nest (M) Slime Pits (O) Orcish Mines (E) Elven Halls (V) Vaults (C) Crypt (W) Tomb (U) Depths (H) Hell (Z) Zot
Where to? (Tab/Enter - D:1 @ (x,y), ? - help) HP restored.
There is a staircase leading out of the dungeon here.
You have escaped!

#.###### ######.#.#.....
#.# ###.#%#### #.# #.#.#
#######.# #.#.# ........#
#.#.# ######..# ♣♣♣♣♣
#.#.# ........# ♣♣♣.♣.♣
♣♣♣♣ #.#.#### ###..^..#
♣.♣...♣♣♣..♣♣#.#....#
#.....#
♣♣♣...W....♣♣..#÷####.#
#.....#♣♣.♣.♣...♣♣.)....)#
#.#
#........♣.♣♣.♣♣.♣♣.♣♣.#.#
#.#
####.....♣♣.♣♣♣♣♣♣♣♣♣♣♣#.#
#.# #.##♣.♣♣♣♣ #.####.#
#.# ♣♣♣ #......# #.#
#.###### #.# #..# # #.#
####### #..# #


There were no monsters in sight!

Vanquished Creatures
  the Royal Jelly (Slime:5)
  3 dread liches
  Mara (Vaults:4)
  2 orbs of fire (Zot:5)
  5 ancient liches (Zot:5)
  Mennas (Crypt:3)
  2 juggernauts
  Xtahua (Vaults:3)
  3 Killer Klowns
  Josephina (Zot:1)
  Bai Suzhen (Swamp:3)
  A shard shrike (Elf:1)
  Boris (Depths:4)
  Parghit (Zot:4)
  Saint Roka (Vaults:4)
  Nikola (Spider:1)
  10 golden dragons
  A caustic shrike (Depths:2)
  Norris (Vaults:3)
  Arachne (Spider:2)
  A Brimstone Fiend (Zot:5)
  3 bone dragons
  2 doom hounds (Zot:1)
  A mutant beast (WizLab)
  2 electric golems
  12 tentacled monstrosities
  A Hell Sentinel (Zot:1)
  Grunn (Zot:1)
  Jorgrun (Lair:2)
  18 Orb Guardians (Zot:5)
  4 liches
  3 deep elf blademasters
  2 deep elf master archers (Elf:3)
  15 acid blobs
  2 sphinxes (Depths:2)
  5 quicksilver dragons
  An ancient champion (Depths:3)
  11 death cobs
  7 shadow dragons
  10 storm dragons
  2 revenants
  Donald (Vaults:4)
  Aizul (Spider:2)
  11 azure jellies
  4 protean progenitors (Zot:1)
  5 draconian monks
  A fenstrider witch (Swamp:3)
  8 draconian knights
  3 fire giants
  11 rockslimes (Slime:5)
  9 draconian shifters
  A balrug (Depths:3)
  Louise (D:15)
  4 frost giants
  2 iron dragons
  9 draconian scorchers
  A hydra zombie (Swamp:4)
  4 deep elf elementalists
  11 vault wardens
  10 ghost moths
  2 emperor scorpions (Spider:4)
  A broodmother (Spider:4)
  10 draconian stormcallers
  7 ghouls
  13 ironbound preservers
  8 ironbound thunderhulks
  2 curse skulls
  4 orc warlords
  18 quicksilver oozes
  6 draconian annihilators
  12 stone giants
  A spriggan defender (Depths:2)
  22 very ugly things
  2 juggernaut skeletons (Crypt:3)
  7 formless jellyfish
  7 vampire knights
  2 deep elf demonologists (Elf:3)
  2 eleionomae
  13 green draconians
  12 yellow draconians
  6 deep elf death magi
  A lorocyproca (D:11)
  20 dire elephants
  4 war gargoyles
  12 black draconians
  2 bunyips
  A minotaur (Zot:4)
  8 purple draconians
  A bunyip (shapeshifter) (WizLab)
  2 deep elf annihilators (Elf:3)
  8 spark wasps
  Snorg (Orc:1)
  11 white draconians
  2 blizzard demons
  6 red draconians
  7 crystal guardians
  2 shambling mangroves
  3 deep elf high priests
  An eidolon (Crypt:1)
  8 yaktaur captains
  13 fire dragons
  10 ettins
  4 entropy weavers
  10 jiangshi
  2 entropy weavers (shapeshifter)
  10 great orbs of eyes
  2 hell beasts
  2 ghost crabs (Swamp:2)
  Harold (D:11)
  4 peacekeepers
  4 vault guards
  12 ice dragons
  A jorogumo (Spider:2)
  10 hydras
  4 rakshasas
  2 catoblepae
  7 ironbound frosthearts
  2 spriggan skeletons (Crypt:3)
  2 spriggan air magi
  15 radroaches
  An alligator snapping turtle (shapeshifter) (D:12)
  A fenstrider witch skeleton (Crypt:2)
  Erica (D:12)
  6 centaur warriors
  7 two-headed ogres
  A satyr (Vaults:3)
  12 boulder beetles
  33 dancing weapons
  2 death knights
  13 deep troll shamans
  3 tengu warriors
  A quicksilver ooze zombie (Crypt:2)
  13 alligators
  A sphinx skeleton (Vaults:4)
  6 death yaks
  14 deep troll earth magi
  4 occultists
  2 hell hogs
  8 hell knights
  6 vampire magi
  A titan zombie (Crypt:3)
  8 spriggan berserkers
  4 sun demons
  17 deep elf knights
  8 demonic crawlers
  7 orc high priests
  4 soul eaters
  Sonja (D:13)
  12 iron trolls
  A skyshark (Vaults:3)
  2 shadow wraiths
  2 sixfirhies
  2 fire crabs
  14 skeletal warriors
  3 flayed ghosts
  10 goliath frogs
  A death drake (shapeshifter) (WizLab)
  A death drake (Zot:3)
  A sea snake (shapeshifter) (WizLab)
  2 deep trolls (shapeshifter)
  9 glowing orange brains
  8 arcanists
  An elf simulacrum (Elf:1)
  A mana viper (shapeshifter) (WizLab)
  5 glowing orange brains (shapeshifter)
  A spriggan simulacrum (Crypt:2)
  6 pharaoh ants
  A bunyip zombie (Crypt:2)
  12 bog bodies
  12 orb spiders
  A shadow demon (Depths:4)
  6 swamp dragons
  5 phantasmal warriors
  6 spriggan druids
  3 orb spiders (shapeshifter) (WizLab)
  52 deep trolls
  Pikel (D:4)
  7 sun moths
  2 thermic dynamos
  10 orc knights
  An alligator zombie (Crypt:3)
  4 spectral hydras (Swamp:4)
  6 lindwurms
  24 deep elf pyromancers
  17 ironbound convokers
  8 deep elf archers
  2 obsidian bats (Orc:2)
  15 deep elf zephyrmancers
  A lindwurm (shapeshifter) (WizLab)
  9 necromancers
  A shadow dragon zombie (Crypt:2)
  2 steelbarb worms
  9 orc sorcerers
  24 wolf spiders
  A shadow dragon skeleton (Crypt:1)
  A wolf spider (shapeshifter) (WizLab)
  3 oklob plants (Swamp:4)
  A salamander (D:15)
  4 shining eyes
  3 will-o-the-wisps
  32 ugly things
  4 cyclopes
  26 moths of wrath
  2 stone giant skeletons (Crypt:3)
  7 manticores
  A guardian serpent (Lair:5)
  4 kobold blastminers
  A moth of wrath (shapeshifter) (WizLab)
  10 elephants
  11 black mambas
  A black mamba (shapeshifter) (Elf:3)
  3 meliai (Spider:2)
  13 vault sentinels
  2 eyes of devastation
  10 torpor snails
  2 torpor snails (shapeshifter) (WizLab)
  A centaur skeleton (Crypt:3)
  2 molten gargoyles (Volcano)
  7 large abominations (WizLab)
  3 gargoyles
  A rime drake (Vaults:3)
  19 cane toads
  11 komodo dragons
  3 unseen horrors
  A red draconian zombie (Crypt:2)
  A kobold demonologist (D:10)
  2 tengu conjurers (Depths:2)
  An efreet (D:9)
  36 yaktaurs
  A swamp worm zombie (Crypt:1)
  7 freezing wraiths
  A yaktaur (shapeshifter) (D:13)
  A tormentor (Depths:2)
  A guardian mummy (D:13)
  A golden dragon simulacrum (Zot:1)
  A merfolk (Orc:2)
  2 red devils
  14 trolls
  2 polar bears (Lair:3)
  A merfolk (shapeshifter) (Vaults:3)
  26 tarantellas
  A wind drake (shapeshifter) (WizLab)
  39 hornets
  Prince Ribbit (D:6)
  7 glass eyes
  A fire dragon zombie (Crypt:2)
  8 tyrant leeches
  A tarantella (shapeshifter) (D:13)
  5 dream sheep (Lair:5)
  A human simulacrum (Vaults:4)
  12 blink frogs
  2 draconian simulacra (Zot:1)
  2 centaur simulacra
  28 culicivoras
  23 jumping spiders
  3 ynoxinuls
  2 shadows
  3 air elementals
  79 slime creatures
  A yak (shapeshifter) (WizLab)
  17 spriggans
  4 water elementals
  2 wraiths (Crypt:1)
  19 wyverns
  3 basilisks
  51 yaks
  5 fire elementals
  4 vampires
  A human (Swamp:4)
  An iron golem (WizLab)
  14 golden eyes
  2 steam dragons (Volcano)
  4 fire bats
  7 wargs
  63 redbacks
  A yellow draconian simulacrum (Zot:1)
  2 chaos spawn
  14 vampire mosquitoes
  10 swamp worms
  A swamp worm (shapeshifter) (Vaults:2)
  A faun skeleton (Crypt:2)
  5 small abominations (WizLab)
  A hydra simulacrum (Swamp:4)
  29 water moccasins
  2 acid dragons
  3 hell hounds
  3 spectral shapeshifters (D:13)
  52 orc warriors
  2 black bears
  A moth of wrath simulacrum (Zot:1)
  4 swamp drakes
  An ettin simulacrum (Vaults:4)
  An ice beast (D:6)
  36 laughing skulls
  2 sky beasts
  A lindwurm zombie (Crypt:1)
  A human zombie (Vaults:4)
  4 swamp dragon zombies (Swamp:4)
  14 ogres
  10 centaurs
  A crocodile (shapeshifter) (Elf:1)
  13 wolves
  2 swamp dragon skeletons (Swamp:4)
  A tengu (shapeshifter) (D:13)
  2 kobold brigands (D:6)
  5 bullfrogs
  2 brain worms
  An earth elemental (Elf:3)
  2 gnoll sergeants (D:7)
  5 scorpions
  A shapeshifter zombie (D:13)
  3 wights (D:10)
  5 vampire bats (Bailey)
  17 killer bees
  A swamp dragon simulacrum (Crypt:2)
  6 wolf zombies (Bailey)
  5 howler monkeys
  5 electric eels
  A lava snake (Volcano)
  8 hounds
  2 jellies
  A basilisk zombie (Crypt:1)
  34 orc priests
  A gnoll bouda (D:5)
  A sleepcap (D:5)
  A basilisk skeleton (Crypt:2)
  6 iguanas
  17 orc wizards
  An ogre zombie (Crypt:1)
  A tengu skeleton (Crypt:1)
  A deep dwarf skeleton (Crypt:2)
  21 gnolls
  3 swamp drake zombies (Swamp:4)
  5 adders
  2 river rats (Sewer)
  A steam dragon skeleton (Crypt:2)
  A swamp drake skeleton (Swamp:4)
  2 shadow imps (D:6)
  4 white imps
  6 dart slugs
  4 ribbon worms
  106 orcs
  12 bats
  11 endoplasms
  6 giant cockroaches
  9 goblins
  5 hobgoblins
  9 jackals
  9 quokkas
  13 ball pythons
  A ball python zombie (Crypt:1)
  4 frilled lizards
  15 kobolds
  19 orc zombies (Bailey)
  4 rats
  A spectral orc (D:7)
2452 creatures vanquished.

Vanquished Creatures (collateral kills)
  4 Orb Guardians (Zot:5)
  A thorn hunter (Swamp:4)
  A tengu reaver (Depths:1)
  2 frost giants (Depths:2)
  An azure jelly (Slime:5)
  2 draconian monks (Depths:4)
  A vault warden (Vaults:3)
  4 ironbound preservers
  7 very ugly things
  An ironbound thunderhulk (Vaults:3)
  A deep elf death mage (Crypt:1)
  2 ettins
  2 shambling mangroves (Swamp:4)
  A yaktaur captain (Vaults:2)
  A great orb of eyes (Vaults:1)
  A hell beast (Depths:3)
  An ironbound frostheart (Vaults:2)
  2 deep troll shamans
  A skyshark (Vaults:3)
  5 iron trolls
  9 deep trolls
  3 orc knights
  2 deep elf pyromancers (Orc:1)
  A deep elf zephyrmancer (Orc:1)
  5 ugly things
  An elephant (Lair:5)
  An eye of devastation (Slime:5)
  2 vault sentinels
  A komodo dragon (Lair:1)
  6 yaktaurs
  2 hornets (Swamp:4)
  2 blink frogs (Lair:3)
  2 slime creatures (Vaults:1)
  2 spriggans (Swamp:4)
  A wyvern (Lair:5)
  A fire bat (Lair:3)
  6 yaks (Lair:5)
  A swamp worm (Swamp:4)
  A lemure (D:3)
90 creatures vanquished.

Vanquished Creatures (others)
  A quicksilver dragon (Zot:2)
  An eldritch tentacle (Swamp:4)
  A fire giant (Depths:2)
  An ironbound preserver (Vaults:4)
  A deep elf death mage (Elf:3)
  A spark wasp (Spider:1)
  A dancing weapon (Zot:5)
  A deep troll earth mage (Depths:1)
  A demonic crawler (Spider:2)
  A swamp dragon (Swamp:4)
  2 deep trolls
  A bog body (Crypt:3)
  A torpor snail (Lair:5)
  A troll (shapeshifter) (WizLab)
  A glass eye (WizLab)
  A water elemental (Elf:3)
  A spriggan (Swamp:4)
  A culicivora (Spider:1)
  A golden eye (Slime:3)
  A yak (Lair:2)
  A water moccasin (shapeshifter) (Elf:3)
  An orc warrior (Elf:2)
  A small abomination (WizLab)
  2 vampire bats (Bailey)
  An electric eel (Orc:1)
  An orc wizard (D:8)
  A ball python (Sewer)
  2 jackals (Sewer)
  10 foxfires
41 creatures vanquished.

Grand Total: 2583 creatures vanquished

Notes
Turn   | Place    | Note
-------+----------+-------------------------------------------
     0 | D:1      | NormalPerson7 the Draconian Chaos Knight began the quest
                  | for the Orb.
     0 | D:1      | Reached XP level 1. HP: 19/19 MP: 1/1
    12 | D:1      | XOM: silly message
   132 | D:1      | XOM: god gift: scroll labelled HACEONA KUOGH {god gift}
   173 | D:1      | Reached XP level 2. HP: 23/26 MP: 2/2
   634 | D:1      | Reached skill level 4 in Fighting
   769 | D:1      | Reached XP level 3. HP: 33/33 MP: 3/3
   875 | D:1      | XOM: potion effect (brilliance)
  1584 | D:2      | XOM: scenery: 1 doors open, 2 doors close
  1594 | D:2      | Reached skill level 5 in Fighting
  1594 | D:2      | Reached XP level 4. HP: 34/42 MP: 4/4
  1628 | D:2      | XOM: god gift: 44 gold pieces
  1752 | D:2      | Found Podynah's Jewellery Shop.
  2033 | D:3      | Found a hide-covered altar of Uskayaw.
  2331 | D:3      | XOM: 2-stop teleportation journey
  2573 | D:3      | XOM: give mutations
  2573 | D:3      | Gained mutation: Your skin changes colour to match your
                  | surroundings (Stealth+). [Xom's grace]
  2573 | D:3      | Gained mutation: You have a pair of small horns on your
                  | head. [Xom's grace]
  2573 | D:3      | Gained mutation: You are somewhat resistant to further
                  | mutation. [Xom's grace]
  2573 | D:3      | Gained mutation: You are agile. (Dex +4, Str/Int -1) [Xom's
                  | grace]
  2706 | D:3      | XOM: noise
  2892 | D:4      | Reached XP level 5. HP: 48/48 MP: 5/5
  3121 | D:4      | Found a sand-covered staircase.
  3126 | D:4      | XOM: enchant monster (good)
  3141 | D:4      | XOM: enchant monster (good)
  3151 | D:4      | a gnoll changed into a moth of wrath
  3151 | D:4      | Noticed a moth of wrath
  3151 | D:4      | XOM: polymorph gnoll -> moth of wrath
  3328 | D:4      | Noticed a lemure
  3399 | D:4      | Noticed Pikel
  3399 | D:4      | Noticed a lemure
  3399 | D:4      | Noticed a lemure
  3421 | D:4      | XOM: divination: detect creatures
  3437 | D:4      | XOM: blink monster(s)
  3454 | D:4      | XOM: scenery: create altars
  3456 | D:4      | XOM: cleaving
  3459 | D:3      | XOM: summons 5 friendly demons
  3465 | D:3      | Killed a lemure
  3517 | D:4      | Noticed a lemure
  3519 | D:4      | Killed Pikel
  3520 | D:4      | Reached XP level 6. HP: 57/57 MP: 6/6
  3520 | D:4      | Your scales start taking on a dull iron-grey colour.
  3520 | D:4      | Reached XP level 7. HP: 62/62 MP: 7/7
  3580 | D:5      | Entered Level 5 of the Dungeon
  3681 | D:5      | Reached skill level 6 in Fighting
  3765 | D:5      | Found a sparkling altar of Nemelex Xobeh.
  3962 | D:5      | Reached skill level 7 in Fighting
  4281 | D:5      | Found an ornate altar of the Wu Jian Council.
  4330 | D:5      | XOM: confuse monster(s)
  4339 | D:5      | Reached skill level 5 in Dodging
  4427 | D:5      | Reached XP level 8. HP: 73/73 MP: 8/8
  4759 | D:6      | Noticed Prince Ribbit
  4761 | D:6      | XOM: fake destruction
  4764 | D:6      | Killed Prince Ribbit
  4767 | D:6      | XOM: confuse monster(s)
  4826 | D:6      | XOM: cleaving
  4832 | D:6      | XOM: summons friendly crimson imp
  4842 | D:6      | Noticed a manticore
  4949 | D:6      | Found an opulent altar of Gozag.
  5014 | D:6      | Reached skill level 1 in Evocations
  5017 | D:6      | XOM: confuse monster(s)
  5033 | D:6      | Found a glowing drain.
  5069 | Sewer    | Entered a sewer
  5073 | Sewer    | XOM: destruction
  5089 | Sewer    | XOM: 1-stop teleportation journey
  5462 | Sewer    | XOM: confuse monster(s)
  5466 | Sewer    | XOM: enchant monster (good)
  5655 | D:6      | Noticed a gargoyle
  5762 | D:6      | XOM: chaos upgrade
  5857 | D:7      | Found a shadowy altar of Dithmenos.
  5864 | D:7      | XOM: potion effect (haste)
  5869 | D:7      | XOM: confuse monster(s)
  5889 | D:7      | Reached skill level 8 in Fighting
  6017 | D:7      | Reached XP level 9. HP: 82/82 MP: 9/9
  6029 | D:7      | Found a hazy altar of Hepliaklqana.
  6336 | D:7      | Reached skill level 9 in Fighting
  6337 | D:7      | Found an ancient bone altar of Kikubaaqudgha.
  6572 | D:7      | Noticed a two-headed ogre
  6687 | D:6      | XOM: polymorph scorpion -> giant cockroach
  6772 | D:8      | Found a snail-covered altar of Cheibriados.
  6852 | D:8      | Found Vuuxzex's Jewellery Emporium.
  6965 | D:8      | XOM: cloud trail
  7096 | D:8      | XOM: summons friendly shadow imp
  7126 | D:8      | XOM: scenery: create altars
  7152 | D:8      | Found a flagged portal.
  7170 | Bailey   | Entered a bailey
  7409 | Bailey   | Noticed a gargoyle
  7439 | Bailey   | Reached skill level 1 in Conjurations
  7439 | Bailey   | Reached skill level 1 in Alchemy
  7447 | Bailey   | XOM: destruction
  7506 | Bailey   | XOM: summons 6 friendly demons
  7584 | Bailey   | Identified the +0 robe of the Riding Gods {Fly rPois Int-3
                  | Dex-4}
  7608 | Bailey   | Killed a gargoyle
  7632 | Bailey   | XOM: 2-stop teleportation journey
  7669 | Bailey   | XOM: enchant monster (good)
  7676 | Bailey   | Identified the +3 leather armour "Taumy" {Will+ Int+5
                  | Dex+6}
  7771 | D:8      | Reached skill level 1 in Air Magic
  7969 | D:8      | Reached XP level 10. HP: 82/93 MP: 10/10
  7976 | D:8      | Learned a level 2 spell: Mercury Vapours
  7980 | D:8      | Learned a level 3 spell: Mephitic Cloud
  8102 | D:8      | XOM: divination: detect items
  8300 | D:6      | XOM: enchant monster (good)
  8309 | D:6      | XOM: enchant monster (good)
  8311 | D:6      | Killed a manticore
  8448 | D:4      | Killed a moth of wrath
  8449 | D:4      | Reached skill level 5 in Conjurations
  8449 | D:4      | Reached skill level 5 in Alchemy
  8737 | D:4      | XOM: cloud trail
  8767 | D:2      | Bought a ring of poison resistance for 240 gold pieces
  8889 | D:6      | Killed a gargoyle
  9016 | D:6      | XOM: enchant monster (bad)
  9161 | D:6      | Found a staircase to the Ecumenical Temple.
  9452 | D:7      | Killed a two-headed ogre
  9453 | D:7      | Reached skill level 10 in Fighting
  9710 | D:9      | XOM: smoke on damage
  9737 | D:9      | Found a roughly hewn altar of Beogh.
  9737 | D:9      | Found a staircase to the Orcish Mines.
  9984 | D:9      | Found a runed translucent door.
  9984 | D:9      | Found a staircase to the Lair.
  9984 | D:9      | XOM: 9-stop teleportation journey
 10075 | D:9      | XOM: blink monster(s)
 10082 | D:9      | XOM: polymorph killer bee -> dart slug
 10093 | D:9      | Reached XP level 11. HP: 99/99 MP: 10/14
 10116 | D:9      | XOM: confusion (+ monsters)
 10201 | D:9      | Reached skill level 10 in Polearms
 10232 | D:9      | Found the +9 staff of Olgreb {rPois∞}
 10267 | D:9      | Found a runed translucent gate.
 10268 | D:9      | Found a runed translucent gate.
 10280 | D:9      | Found a runed translucent gate.
 10282 | D:9      | Noticed a wolf spider
 10282 | D:9      | Noticed a wolf spider
 10282 | D:9      | Noticed a wolf spider
 10282 | D:9      | Noticed a wolf spider
 10288 | D:9      | Found a runed translucent door.
 10348 | D:9      | XOM: divination: detect items
 10350 | D:9      | XOM: potion effect (curing)
 10376 | D:9      | XOM: summons friendly iron imp
 10628 | D:9      | Noticed a centaur warrior
 10628 | D:9      | Noticed a skeletal warrior
 10657 | D:10     | Entered Level 10 of the Dungeon
 10748 | D:10     | XOM: cleaving
 10787 | D:10     | XOM: polymorph troll -> shapeshifter
 10791 | D:10     | a rime drake changed into an entropy weaver
 10791 | D:10     | Noticed an entropy weaver (shapeshifter)
 10810 | D:10     | Killed an entropy weaver
 10820 | D:10     | a yak changed into a fire crab
 10820 | D:10     | Noticed a fire crab
 10820 | D:10     | XOM: polymorph yak -> fire crab
 10830 | D:10     | Killed a fire crab
 10863 | D:10     | Identified the ring of Sloth {rF- rN+ Will+ Str+8}
 10863 | D:10     | Noticed an arcanist
 10876 | D:10     | Killed an arcanist
 10886 | D:10     | XOM: noise
 11034 | D:10     | XOM: 2-stop teleportation journey
 11055 | D:10     | XOM: give mutations
 11055 | D:10     | Gained mutation: You are resistant to electric shocks.
                  | (rElec) [Xom's mischief]
 11055 | D:10     | Gained mutation: You sometimes lose your temper in combat.
                  | [Xom's mischief]
 11055 | D:10     | Lost mutation: You are resistant to electric shocks.
                  | (rElec) [Xom's mischief]
 11056 | D:10     | Lost mutation: Your skin changes colour to match your
                  | surroundings (Stealth+). [potion of mutation]
 11056 | D:10     | Lost mutation: You are agile. (Dex +4, Str/Int -1) [potion
                  | of mutation]
 11056 | D:10     | Gained mutation: You have a pair of horns on your head.
                  | [potion of mutation]
 11057 | D:10     | Lost mutation: You have a pair of horns on your head.
                  | [potion of mutation]
 11057 | D:10     | Lost mutation: You sometimes lose your temper in combat.
                  | [potion of mutation]
 11057 | D:10     | Lost mutation: You have a pair of small horns on your head.
                  | [potion of mutation]
 11057 | D:10     | Gained mutation: You are weak. (Str -2) [potion of
                  | mutation]
 11057 | D:10     | Gained mutation: You have an increased reservoir of magic.
                  | (+10% MP) [potion of mutation]
 11066 | D:10     | Got the Compendium of Tephra
 11076 | D:10     | Found an iron altar of Okawaru.
 11076 | D:10     | Found an ancient bone altar of Kikubaaqudgha.
 11084 | D:10     | Found a shimmering altar of Xom.
 11084 | D:10     | Found a sparkling altar of Nemelex Xobeh.
 11111 | D:10     | XOM: chaos upgrade
 11198 | D:10     | XOM: polymorph wyvern -> black mamba
 11200 | D:10     | XOM: chaos cloud
 11209 | D:10     | XOM: polymorph centaur -> black mamba
 11210 | D:10     | XOM: enchant monster (bad)
 11223 | D:10     | XOM: polymorph black mamba -> culicivora
 11236 | D:10     | Noticed a tengu warrior
 11416 | D:10     | Reached skill level 5 in Earth Magic
 11436 | D:10     | Found Seirgh's Distillery.
 11443 | D:10     | Bought a potion of curing for 51 gold pieces
 11446 | D:10     | XOM: give mutations
 11446 | D:10     | Gained mutation: You are robust. (+10% HP) [Xom's mischief]
 11446 | D:10     | Lost mutation: You are somewhat resistant to further
                  | mutation. [Xom's mischief]
 11446 | D:10     | Gained mutation: You occasionally shout uncontrollably at
                  | your foes. [Xom's mischief]
 11446 | D:10     | Gained mutation: Your mind is acute. (Int +4, Str/Dex -1)
                  | [Xom's mischief]
 11473 | D:10     | Identified the +2 chain mail of Resilience {rElec rC++}
 11504 | D:10     | Noticed a rakshasa
 11535 | D:10     | XOM: summons 2 hostile shadow creatures
 11716 | D:10     | Killed a tengu warrior
 11757 | D:10     | Reached XP level 12. HP: 116/116 MP: 8/16
 11784 | D:10     | XOM: divination: magic mapping
 11845 | D:11     | XOM: silly message
 11847 | D:11     | Found a flickering gateway to a bazaar.
 11856 | Bazaar   | Entered a bazaar
 11859 | Bazaar   | Found Jaonufaz's Book Shop.
 11866 | Bazaar   | Found Hadieh's Antique Weapon Boutique.
 11870 | Bazaar   | Found Ciruath's General Store.
 11892 | Bazaar   | Found Pacluig's Antique Armour Boutique.
 11920 | Bazaar   | Bought the +1 pair of gloves of the Seven Dreams {^Contam
                  | rElec Dex+4} for 289 gold pieces
 11969 | D:11     | Noticed Harold
 11980 | D:11     | Killed Harold
 12391 | D:11     | Noticed a two-headed ogre
 12540 | D:11     | XOM: summons 7 hostile demons
 12768 | Lair:1   | Entered Level 1 of the Lair of Beasts
 12961 | Lair:1   | Learned a level 5 spell: Lee's Rapid Deconstruction
 13050 | Lair:1   | XOM: chaos cloud
 13063 | Lair:1   | XOM: summons friendly quasit
 13068 | Lair:1   | XOM: destruction
 13148 | Lair:1   | Found the amulet of Elemental Vulnerability {rPois rF--
                  | rC-- AC+8}
 13161 | Lair:1   | Reached skill level 10 in Earth Magic
 13220 | Lair:1   | XOM: god gift: +2 cloak of preservation
 13229 | Lair:1   | XOM: cloud trail
 13244 | Lair:1   | XOM: scenery: 1 doors open
 13356 | Lair:1   | XOM: god gift: short sword {god gift}
 13510 | Lair:1   | XOM: fake destruction
 13641 | Lair:2   | XOM: fog
 13768 | Lair:1   | XOM: god gift: wand of mindburst (6)
 14075 | Lair:2   | Found a shadowy altar of Dithmenos.
 14189 | Lair:2   | XOM: divine lightning
 14198 | Lair:2   | XOM: enchant monster (good)
 14200 | Lair:2   | Reached skill level 5 in Spellcasting
 14387 | Lair:2   | Found a staircase to the Swamp.
 14409 | Lair:2   | Noticed an alligator
 14412 | Lair:2   | XOM: 1-stop teleportation journey
 14709 | Lair:2   | Found a hole to the Spider Nest.
 14723 | Lair:2   | XOM: scenery: create altars
 14747 | Lair:2   | XOM: give mutations
 14747 | Lair:2   | Gained mutation: You possess an exceptional clarity of
                  | mind. [Xom's grace]
 14747 | Lair:2   | Gained mutation: Your spells are a little harder to cast,
                  | but a little more powerful. [Xom's grace]
 14834 | Lair:2   | Killed an alligator
 14940 | Lair:2   | XOM: divination: detect creatures
 15465 | Lair:3   | XOM: scenery: create altars
 15590 | Lair:3   | XOM: summons 12 friendly demons
 15594 | Lair:3   | Reached XP level 13. HP: 117/124 MP: 16/22
 15876 | Lair:3   | XOM: scenery: 1 doors open
 15935 | Lair:3   | XOM: summons 2 friendly demons
 15985 | Lair:3   | Found a dark tunnel.
 16005 | Lair:3   | XOM: 2-stop teleportation journey
 16089 | Volcano  | Entered a volcano
 16124 | Volcano  | XOM: polymorph lava snake -> lava snake
 16222 | Volcano  | XOM: 1-stop teleportation journey
 16279 | Volcano  | Found a radiant altar of Vehumet.
 16476 | Lair:3   | XOM: enchant monster (bad)
 16730 | Lair:4   | Learned a level 4 spell: Petrify
 16793 | Lair:4   | Noticed Egailiyk's ghost (journeyman GrEE)
 16829 | Lair:4   | XOM: 1-stop teleportation journey
 16843 | Lair:4   | XOM: divination: detect creatures
 16849 | Lair:4   | XOM: enchant monster (good)
 16893 | Lair:4   | Learned a level 3 spell: Passwall
 16972 | Lair:4   | XOM: scenery: summon butterflies
 16992 | Lair:4   | Reached skill level 5 in Evocations
 17009 | Lair:4   | Found a runed translucent gate.
 17011 | Lair:4   | Found a runed translucent gate.
 17012 | Lair:4   | Found a runed translucent gate.
 17087 | Lair:4   | XOM: 1-stop teleportation journey
 17095 | Lair:4   | XOM: polymorph yak -> brain worm
 17168 | Lair:3   | XOM: 8-stop teleportation journey
 17528 | Lair:4   | Reached skill level 1 in Necromancy
 17576 | Lair:4   | XOM: cleaving
 17729 | Lair:4   | XOM: repel stairs
 17764 | Lair:4   | XOM: enchant monster (bad)
 17766 | Lair:4   | XOM: blink monster(s)
 17770 | Lair:4   | XOM: fog
 17784 | Lair:3   | XOM: summons friendly ufetubus
 17786 | Lair:3   | Reached skill level 5 in Necromancy
 17884 | Lair:4   | XOM: silly message
 17917 | Lair:4   | XOM: 1-stop teleportation journey
 17918 | Lair:4   | XOM: enchant monster (good)
 18130 | Lair:4   | XOM: scenery: summon butterflies
 18168 | Lair:4   | Learned a level 5 spell: Borgnjor's Vile Clutch
 18578 | Lair:5   | Entered Level 5 of the Lair of Beasts
 18580 | Lair:5   | XOM: summons 7 friendly demons
 18600 | Lair:4   | XOM: god gift: 21 gold pieces
 18658 | Lair:5   | Reached XP level 14. HP: 124/133 MP: 20/23
 18663 | Lair:5   | XOM: summons 14 friendly demons
 18762 | Lair:5   | XOM: god gift: 2 boomerangs
 18911 | Lair:5   | XOM: give mutation
 18911 | Lair:5   | Gained mutation: Your spells are harder to cast, but more
                  | powerful. [Xom's grace]
 18923 | Lair:5   | XOM: divine lightning
 18935 | Lair:5   | XOM: enchant monster (good)
 18948 | Lair:5   | XOM: divination: detect creatures
 19044 | Lair:5   | XOM: give mutations
 19044 | Lair:5   | Gained mutation: You have hidden genetic potential. [Xom's
                  | grace]
 19044 | Lair:5   | Gained mutation: Your flesh is heat resistant. (rF+) [Xom's
                  | grace]
 19044 | Lair:5   | Gained mutation: You are strong-willed. (Will+) [Xom's
                  | grace]
 19082 | Lair:5   | XOM: scenery: summon butterflies
 19102 | Lair:5   | XOM: confuse monster(s)
 19134 | Lair:5   | XOM: give mutations
 19134 | Lair:5   | Gained mutation: You have large cloven feet. [Xom's
                  | mischief]
 19134 | Lair:5   | Lost mutation: Your flesh is heat resistant. (rF+) [Xom's
                  | mischief]
 19134 | Lair:5   | Lost mutation: You are weak. (Str -2) [Xom's mischief]
 19317 | Lair:5   | XOM: god gift: 50 gold pieces
 19318 | Lair:5   | XOM: give mutation
 19318 | Lair:5   | Gained mutation: You expend magic power (3 MP) to
                  | strengthen your wands. [Xom's grace]
 19346 | Lair:5   | XOM: god gift: book of Flames
 19370 | Lair:5   | XOM: enchant monster (bad)
 19399 | Lair:5   | XOM: noise
 19403 | Lair:5   | XOM: scenery: create altars
 19407 | Lair:5   | XOM: cast spell 'Death Channel'
 19476 | Lair:5   | Reached skill level 10 in Necromancy
 19512 | Lair:5   | XOM: enchant monster (good)
 19523 | Lair:4   | XOM: divination: detect items
 19591 | Lair:5   | Found a staircase to the Slime Pits.
 19638 | Lair:5   | XOM: summons 14 friendly demons
 20233 | Lair:5   | XOM: confuse monster(s)
 20321 | Lair:5   | XOM: destruction
 20513 | Lair:5   | XOM: 2-stop teleportation journey
 20560 | Lair:5   | XOM: blink monster(s)
 20568 | Lair:5   | XOM: fake destruction
 20775 | Lair:5   | XOM: divine lightning
 21158 | Lair:3   | XOM: give mutations
 21158 | Lair:3   | Lost mutation: You occasionally shout uncontrollably at
                  | your foes. [Xom's mischief]
 21158 | Lair:3   | Gained mutation: Your flesh is heat resistant. (rF+) [Xom's
                  | mischief]
 21158 | Lair:3   | Lost mutation: You expend magic power (3 MP) to strengthen
                  | your wands. [Xom's mischief]
 21288 | D:8      | Bought a ring of willpower for 350 gold pieces
 21304 | D:8      | XOM: summons 1 hostile shadow creature
 21350 | Orc:1    | Entered Level 1 of the Orcish Mines
 21360 | Orc:1    | XOM: 6-stop teleportation journey
 21476 | Orc:1    | XOM: cast spell 'Summon Hydra'
 21494 | Orc:1    | XOM: enchant monster (bad)
 21626 | Orc:1    | You fall into a shaft and drop 1 floor!
 21626 | Orc:2    | Entered Level 2 of the Orcish Mines
 21626 | Orc:2    | Noticed an orc warlord
 21626 | Orc:2    | Found a roughly hewn altar of Beogh.
 21671 | Orc:2    | XOM: divination: magic mapping
 21720 | Orc:2    | Noticed Snorg
 21908 | Orc:1    | XOM: divination: detect items
 21954 | Orc:1    | XOM: confuse monster(s)
 21960 | Orc:1    | Killed Snorg
 21983 | Orc:1    | XOM: cloud trail
 21994 | Orc:1    | XOM: silly message
 22109 | Orc:1    | XOM: silly message
 22113 | Orc:1    | Reached XP level 15. HP: 117/138 MP: 28/28
 22177 | Orc:1    | XOM: potion effect (curing)
 22340 | Orc:1    | XOM: potion effect (invisibility)
 22359 | Orc:1    | Reached skill level 15 in Polearms
 22694 | Orc:2    | Found a roughly hewn altar of Beogh.
 22741 | Orc:2    | XOM: fog
 22746 | Orc:2    | XOM: god gift: Young Poisoner's Handbook
 22871 | Orc:2    | Gained mutation: Your flesh is very heat resistant. (rF++)
                  | [hidden potential]
 22878 | Orc:2    | Found Uckuang's Distillery.
 22889 | Orc:2    | Found Qytatzig's Distillery.
 22890 | Orc:2    | XOM: polymorph orc knight -> merfolk
 22954 | Orc:2    | XOM: potion effect (heal wounds)
 23067 | Orc:2    | XOM: enchant monster (good)
 23210 | Orc:2    | XOM: enchant monster (good)
 23259 | Orc:2    | Found a staircase to the Elven Halls.
 23302 | Orc:2    | XOM: scenery: 1 doors close
 23326 | Orc:2    | Identified the +4 sling "Nexu" {freeze, rC- rN+ MP+9 Str+3}
 23598 | Orc:2    | XOM: enchant monster (good)
 23715 | Orc:2    | XOM: summons friendly ufetubus
 23824 | Orc:2    | XOM: 5-stop teleportation journey
 23901 | Orc:2    | Found Etiuman's Magic Scroll Shop.
 23908 | Orc:2    | Bought a scroll of fog for 44 gold pieces
 23930 | Orc:2    | Found Pagh's Armour Shoppe.
 23938 | Orc:2    | XOM: potion effect (brilliance)
 24220 | D:9      | XOM: give mutations
 24220 | D:9      | Gained mutation: Your mind is very acute. (Int +8, Str/Dex
                  | -2) [Xom's grace]
 24220 | D:9      | Gained mutation: You expend magic power (3 MP) to
                  | strengthen your wands. [Xom's grace]
 24220 | D:9      | Gained mutation: Your skin changes colour to match your
                  | surroundings (Stealth+). [Xom's grace]
 24220 | D:9      | Gained mutation: Your system is resistant to poisons.
                  | (rPois) [Xom's grace]
 24707 | D:9      | XOM: scenery: create altars
 24710 | D:9      | XOM: summons friendly chaos spawn
 24738 | D:9      | XOM: scenery: 1 doors close
 24818 | D:9      | XOM: cloud trail
 24872 | D:9      | XOM: 3-stop teleportation journey
 24971 | D:9      | Identified the staff of the Crafting Gods {Fly rF- rC++ rN+
                  | Dex+5 Necro}
 25181 | D:12     | XOM: cloud trail
 25286 | D:12     | Noticed Erica
 25303 | D:12     | Killed Erica
 25494 | D:12     | Reached skill level 11 in Fighting
 25590 | D:12     | Noticed Rupert
 25590 | D:12     | XOM: 3-stop teleportation journey
 25608 | D:12     | Rupert changed into Rupert the shapeshifter
 25608 | D:12     | XOM: polymorph Rupert -> Rupert the shapeshifter
 25608 | D:12     | Rupert the shapeshifter changed into Rupert the azure jelly
 25608 | D:12     | Noticed Rupert (shapeshifter)
 25609 | D:12     | XOM: cleaving
 25616 | D:12     | Rupert the azure jelly changed into Rupert the shapeshifter
 25791 | D:12     | Reached skill level 1 in Shapeshifting
 25833 | D:12     | XOM: cloud trail
 25848 | D:12     | XOM: give mutations
 25848 | D:12     | Lost mutation: Your mind is very acute. (Int +8, Str/Dex
                  | -2) [Xom's mischief]
 25848 | D:12     | Lost mutation: You are strong-willed. (Will+) [Xom's
                  | mischief]
 25848 | D:12     | Lost mutation: You expend magic power (3 MP) to strengthen
                  | your wands. [Xom's mischief]
 26064 | D:13     | XOM: noise
 26072 | D:12     | XOM: give mutation
 26072 | D:12     | Gained mutation: You are agile. (Dex +4, Str/Int -1) [Xom's
                  | grace]
 26142 | D:13     | Found an ancient bone altar of Kikubaaqudgha.
 26142 | D:13     | Found a shimmering altar of Xom.
 26142 | D:13     | Found a basalt altar of Yredelemnul.
 26200 | D:13     | XOM: 1-stop teleportation journey
 26210 | D:13     | Noticed Sonja
 26215 | D:13     | Killed Sonja
 26544 | D:13     | Found a gate to the Vaults.
 26547 | D:13     | XOM: smoke on damage
 26705 | D:13     | XOM: god gift: potion of berserk rage
 26919 | D:13     | XOM: give mutations
 26919 | D:13     | Gained mutation: You passively map a small area around you.
                  | [Xom's mischief]
 26919 | D:13     | Lost mutation: You are agile. (Dex +4, Str/Int -1) [Xom's
                  | mischief]
 27047 | D:13     | Reached XP level 16. HP: 138/150 MP: 1/29
 27093 | D:13     | XOM: noise
 27225 | D:13     | XOM: noise
 27361 | D:14     | XOM: smoke on damage
 27492 | D:14     | XOM: 9-stop teleportation journey
 27672 | D:14     | Reached skill level 5 in Shapeshifting
 27813 | D:14     | Found a runed translucent door.
 27835 | D:14     | Found a runed translucent door.
 28171 | D:14     | Found a runed translucent door.
 28230 | D:15     | Entered Level 15 of the Dungeon
 28494 | D:15     | XOM: 1-stop teleportation journey
 28592 | D:15     | XOM: 1-stop teleportation journey
 28693 | D:15     | XOM: enchant monster (bad)
 28718 | D:15     | Noticed Louise
 28871 | D:14     | XOM: stat loss: -1 Str (25/26)
 29032 | D:15     | XOM: give mutations
 29032 | D:15     | Lost mutation: You have an increased reservoir of magic.
                  | (+10% MP) [Xom's mischief]
 29032 | D:15     | Gained mutation: Your skin blends seamlessly with your
                  | surroundings (Stealth++). [Xom's mischief]
 29032 | D:15     | Lost mutation: Your spells are harder to cast, but more
                  | powerful. [Xom's mischief]
 29196 | D:15     | XOM: summons 9 hostile demons
 29350 | D:15     | XOM: swap monsters
 29532 | D:15     | XOM: noise
 29561 | D:15     | Gained mutation: Your muscles are strong. (Str +4, Int/Dex
                  | -1) [hidden potential]
 29561 | D:15     | Lost mutation: You have hidden genetic potential. [hidden
                  | potential expressed]
 29689 | D:15     | XOM: scenery: summon butterflies
 29703 | D:15     | XOM: polymorph butterfly -> yaktaur
 29740 | D:15     | Found a staircase to the Depths.
 29772 | D:15     | XOM: fog
 29781 | D:15     | Killed Louise
 29849 | D:15     | XOM: give mutations
 29849 | D:15     | Gained mutation: You have hoof-like feet. [Xom's grace]
 29849 | D:15     | Gained mutation: Your flesh is almost immune to the effects
                  | of heat. (rF+++) [Xom's grace]
 29849 | D:15     | Gained mutation: You are very robust. (+20% HP) [Xom's
                  | grace]
 29849 | D:15     | Gained mutation: Your spells are harder to cast, but more
                  | powerful. [Xom's grace]
 30092 | D:8      | Bought the ring "Waunitz" {rElec rCorr MP+9 EV+5 Dex+2} for
                  | 1101 gold pieces
 30158 | D:9      | XOM is BORED!
 30158 | D:9      | XOM: give mutations
 30158 | D:9      | Lost mutation: You passively map a small area around you.
                  | [Xom's mischief]
 30158 | D:9      | Lost mutation: Your mind is acute. (Int +4, Str/Dex -1)
                  | [Xom's mischief]
 30158 | D:9      | Lost mutation: Your flesh is almost immune to the effects
                  | of heat. (rF+++) [Xom's mischief]
 30288 | Spider:1 | Entered Level 1 of the Spider Nest
 30298 | Spider:1 | Noticed Jorgrun
 30741 | Lair:2   | XOM: scenery: 1 doors open, 1 doors close
 30748 | Lair:2   | Killed Jorgrun
 31095 | Spider:1 | Got Wodd's Handbook of Combined Displacement
 31201 | Spider:1 | Noticed Nikola
 31216 | Spider:1 | Killed Nikola
 31218 | Spider:1 | XOM: summons friendly iron imp
 31219 | Spider:1 | XOM: summons friendly iron imp
 31273 | Spider:1 | XOM: 7-stop teleportation journey
 31504 | Spider:1 | Reached skill level 10 in Shapeshifting
 31603 | Spider:1 | XOM: enchant monster (bad)
 31987 | Spider:2 | XOM: fake destruction
 32027 | Spider:2 | XOM: polymorph demonic crawler -> ynoxinul
 32030 | Spider:2 | Reached skill level 12 in Fighting
 32031 | Spider:2 | Reached skill level 1 in Shields
 32042 | Spider:2 | XOM: summons 4 hostile demons
 32290 | Spider:2 | Noticed Arachne
 32300 | Spider:2 | XOM: torment (93/166 hp)
 32423 | Spider:1 | XOM: silly message
 32447 | Spider:2 | XOM: confuse monster(s)
 32453 | Spider:2 | XOM: potion effect (might)
 32465 | Spider:2 | Killed Arachne
 32561 | Spider:2 | XOM: 2-stop teleportation journey
 32563 | Spider:2 | XOM: noise
 32622 | Spider:2 | XOM: 1-stop teleportation journey
 32627 | Spider:2 | Reached skill level 5 in Shields
 32727 | Spider:2 | Reached XP level 17. HP: 173/174 MP: 28/28
 32776 | Spider:2 | XOM: enchant monster (bad)
 32828 | Spider:2 | Identified the serpent talisman of Bitterness {rF- MP+9
                  | Str+4}
 32828 | Spider:2 | Noticed Aizul
 32842 | Spider:2 | Killed Aizul
 33007 | Spider:2 | XOM: summons 3 hostile demons
 33308 | Spider:2 | XOM: stat loss: -1 Str (29/31)
 33312 | Spider:2 | XOM: blink monster(s)
 33320 | Spider:2 | XOM: polymorph demonic crawler -> hell hound
 33325 | Spider:2 | XOM: destruction
 33477 | Spider:2 | XOM: give mutations
 33477 | Spider:2 | Lost mutation: You have hoof-like feet. [Xom's grace]
 33477 | Spider:2 | Lost mutation: You have large cloven feet. [Xom's grace]
 33477 | Spider:2 | Gained mutation: You have sharp toenails. [Xom's grace]
 33477 | Spider:2 | Gained mutation: Your spells are much harder to cast, but
                  | much more powerful. [Xom's grace]
 33989 | Spider:2 | XOM: noise
 34174 | Spider:3 | XOM: cleaving
 34265 | Spider:3 | XOM: 1-stop teleportation journey
 34400 | Spider:3 | XOM: divination: detect items
 34415 | Spider:3 | XOM: destruction
 34463 | Spider:2 | XOM: divination: detect items
 34723 | Spider:3 | Reached skill level 10 in Dodging
 34815 | Spider:3 | XOM: 2-stop teleportation journey
 34961 | Spider:3 | XOM: polymorph demonic crawler -> hell hound
 35123 | Spider:3 | XOM: cloud trail
 35266 | Spider:4 | Entered Level 4 of the Spider Nest
 35268 | Spider:4 | XOM: confuse monster(s)
 35443 | Spider:4 | XOM: cast spell 'Summon Cactus Giant'
 35452 | Spider:4 | Reached skill level 13 in Fighting
 35497 | Spider:4 | XOM: cloud trail
 35671 | Spider:4 | XOM: divination: detect items
 35813 | Spider:4 | XOM: noise
 36026 | Spider:4 | XOM: swap monsters
 36034 | Spider:4 | Reached skill level 14 in Fighting
 36035 | Spider:4 | Identified the staff "Sikhil" {Air Earth}
 36063 | Spider:4 | XOM: give mutations
 36063 | Spider:4 | Lost mutation: Your spells are much harder to cast, but
                  | much more powerful. [Xom's mischief]
 36063 | Spider:4 | Lost mutation: You are very robust. (+20% HP) [Xom's
                  | mischief]
 36420 | Spider:4 | XOM: give mutations
 36420 | Spider:4 | Gained mutation: You occasionally lose the ability to drink
                  | potions when taking damage. [Xom's mischief]
 36420 | Spider:4 | Lost mutation: Your spells are harder to cast, but more
                  | powerful. [Xom's mischief]
 36420 | Spider:4 | Gained mutation: Your mind is acute. (Int +4, Str/Dex -1)
                  | [Xom's mischief]
 36420 | Spider:4 | Lost mutation: Your skin blends seamlessly with your
                  | surroundings (Stealth++). [Xom's mischief]
 36474 | Spider:4 | XOM: divination: detect items
 36476 | Spider:4 | XOM: divination: detect creatures
 36809 | Spider:4 | Reached skill level 15 in Fighting
 36967 | Spider:4 | Got a gossamer rune of Zot
 36968 | Spider:4 | XOM: summons 2 hostile demons
 37155 | Swamp:1  | Entered Level 1 of the Swamp
 37165 | Swamp:1  | XOM: cast spell 'Alistair's Intoxication'
 37166 | Swamp:1  | XOM: polymorph swamp dragon -> black bear
 37576 | Swamp:1  | XOM: summons friendly shadow imp
 37589 | Swamp:1  | Paralysed by a hornet for 1 turns
 37805 | Swamp:1  | XOM: god gift: wand of quicksilver (4)
 37813 | Swamp:2  | XOM: fog
 37856 | Swamp:2  | XOM: blink monster(s)
 37868 | Swamp:2  | XOM: cast spell 'Metabolic Englaciation'
 37871 | Swamp:2  | Reached XP level 18. HP: 165/179 MP: 29/29
 37936 | Swamp:2  | Learned a level 2 spell: Blink
 37943 | Swamp:2  | Learned a level 6 spell: Death Channel
 38219 | Swamp:3  | Reached skill level 1 in Translocations
 38220 | Swamp:3  | XOM: blink monster(s)
 38311 | Swamp:3  | Noticed Bai Suzhen
 38331 | Swamp:3  | XOM: silly message
 38337 | Swamp:3  | Killed Bai Suzhen
 38382 | Swamp:3  | XOM: 1-stop teleportation journey
 38397 | Swamp:3  | XOM: enchant monster (good)
 38402 | Swamp:3  | XOM: destruction
 38443 | Swamp:3  | XOM: summons 2 friendly demons
 38458 | Swamp:3  | XOM: summons 4 hostile shadow creatures
 38763 | Swamp:3  | XOM: god gift: talisman of death
 38768 | Swamp:4  | Entered Level 4 of the Swamp
 38883 | Swamp:4  | XOM: 3-stop teleportation journey
 38909 | Swamp:4  | XOM: confuse monster(s)
 38915 | Swamp:4  | XOM: divine lightning
 38926 | Swamp:4  | XOM: summons 16 friendly demons
 38947 | Swamp:4  | Identified the +3 spear of Uwkotieh {holy, rN+ Will+}
 38979 | Swamp:4  | XOM: polymorph swamp worm -> culicivora
 39011 | Swamp:4  | XOM: 1-stop teleportation journey
 39188 | Swamp:4  | XOM: potion effect (brilliance)
 39250 | Swamp:4  | Reached skill level 16 in Fighting
 39270 | Swamp:4  | XOM: cast spell 'Malign Gateway'
 39331 | Swamp:4  | XOM: fog
 39344 | Swamp:4  | XOM: polymorph swamp dragon -> human
 39409 | Swamp:4  | Found a basalt altar of Yredelemnul.
 39424 | Swamp:4  | Got a decaying rune of Zot
 39593 | Swamp:4  | Found a blossoming altar of Fedhas.
 39602 | Swamp:4  | XOM: noise
 39669 | Swamp:4  | XOM: cast spell 'Discord'
 39690 | Swamp:4  | XOM: god gift: +5 ring of evasion
 39924 | Orc:2    | XOM: cloud trail
 39934 | Elf:1    | Entered Level 1 of the Elven Halls
 39946 | Elf:1    | Noticed a shard shrike
 39946 | Elf:1    | XOM: 5-stop teleportation journey
 40204 | Vaults:1 | Entered Level 1 of the Vaults
 40231 | Vaults:1 | XOM: divination: detect creatures
 40348 | Vaults:1 | Got the Atlas of the Combative Sarcophagus
 40497 | Vaults:1 | XOM: destruction
 40549 | Vaults:1 | XOM: confuse monster(s)
 40671 | Vaults:1 | Reached skill level 1 in Ice Magic
 40785 | Vaults:1 | Reached XP level 19. HP: 189/189 MP: 30/30
 40896 | Vaults:1 | XOM: 3-stop teleportation journey
 41015 | Vaults:1 | XOM: 3-stop teleportation journey
 41164 | Vaults:1 | XOM: polymorph large slime creature -> moth of wrath
 41238 | Vaults:1 | Reached skill level 5 in Ice Magic
 41312 | Vaults:1 | XOM: summons 3 friendly demons
 41490 | Vaults:2 | XOM: summons friendly white imp
 41650 | Vaults:2 | XOM: cast spell 'Disjunction'
 41711 | Vaults:2 | XOM: 1-stop teleportation journey
 41749 | Vaults:2 | XOM: potion effect (magic)
 41755 | Vaults:2 | XOM: divination: detect items
 41764 | Vaults:2 | XOM: smoke on damage
 41772 | Vaults:2 | XOM: enchant monster (good)
 41786 | Vaults:2 | XOM: enchant monster (good)
 41842 | Vaults:2 | XOM: polymorph vault sentinel -> swamp worm
 41923 | Vaults:2 | XOM: 2-stop teleportation journey
 42049 | Vaults:2 | Reached skill level 10 in Ice Magic
 42134 | Vaults:2 | Got Norheis's Monograph on Support
 42474 | Vaults:2 | XOM: divination: magic mapping
 42677 | Vaults:3 | Noticed Xtahua
 42862 | D:11     | XOM: god gift: 5 stones
 43117 | Orc:2    | Bought a scroll of teleportation for 33 gold pieces
 43117 | Orc:2    | Bought a scroll of teleportation for 33 gold pieces
 43117 | Orc:2    | Bought a scroll of fog for 44 gold pieces
 43117 | Orc:2    | Bought a scroll of teleportation for 33 gold pieces
 43173 | Orc:2    | Bought a potion of heal wounds for 75 gold pieces
 43173 | Orc:2    | Bought a potion of curing for 45 gold pieces
 43173 | Orc:2    | Bought a potion of curing for 45 gold pieces
 43173 | Orc:2    | Bought a potion of enlightenment for 75 gold pieces
 43173 | Orc:2    | Bought a potion of haste for 150 gold pieces
 43173 | Orc:2    | Bought a potion of resistance for 150 gold pieces
 43538 | Elf:1    | Killed a shard shrike
 43563 | Elf:1    | XOM: 1-stop teleportation journey
 43719 | D:9      | Learned a level 6 spell: Permafrost Eruption
 43934 | Elf:1    | Found Gualuoq's Antique Weapon Shoppe.
 43939 | Elf:1    | Found Bautapta's Assorted Antiques.
 43962 | Elf:1    | XOM: cast spell 'Iskenderun's Battlesphere'
 43965 | Elf:1    | XOM: cleaving
 44007 | Elf:1    | XOM: scenery: 1 doors open, 1 doors close
 44110 | Elf:1    | XOM: scenery: 1 doors open, 1 doors close
 44540 | Elf:2    | Found Vuomaluj's General Store.
 44565 | Elf:2    | XOM: divination: detect items
 44648 | Elf:2    | XOM: 1-stop teleportation journey
 44788 | Elf:2    | XOM: silly message
 45219 | Elf:2    | Paralysed by an air elemental for 1 turns
 45224 | Elf:2    | Reached XP level 20. HP: 198/198 MP: 31/31
 45241 | Elf:2    | Found a huge runed translucent gate.
 45241 | Elf:2    | Found a huge runed translucent gate.
 45241 | Elf:2    | Found a huge runed translucent gate.
 45241 | Elf:2    | Found a huge runed translucent gate.
 45242 | Elf:2    | Found a huge runed translucent gate.
 45393 | Elf:2    | XOM: 1-stop teleportation journey
 45454 | Elf:2    | XOM: noise
 45633 | Elf:2    | XOM: stat loss: -1 Str (30/31)
 45655 | Elf:2    | XOM: confuse monster(s)
 45802 | Elf:2    | XOM: give mutation
 45802 | Elf:2    | Lost mutation: You possess an exceptional clarity of mind.
                  | [Xom's mischief]
 45869 | Elf:2    | XOM: stat loss: -1 Dex (11/12)
 46455 | D:11     | XOM: summons 4 hostile demons
 46571 | Vaults:3 | Noticed Norris
 46771 | Vaults:3 | XOM: polymorph large slime creature -> eye of devastation
 46851 | Vaults:3 | Found a staircase to the Crypt.
 47009 | Vaults:3 | Killed Xtahua
 47025 | Vaults:3 | XOM: polymorph great orb of eyes -> satyr
 47075 | Vaults:3 | XOM: give mutations
 47075 | Vaults:3 | Lost mutation: You have sharp toenails. [Xom's mischief]
 47075 | Vaults:3 | Gained mutation: You have sharp fingernails. [Xom's
                  | mischief]
 47075 | Vaults:3 | Gained mutation: You are covered in fur. (AC +1) [Xom's
                  | mischief]
 47227 | Vaults:3 | XOM: enchant monster (bad)
 47239 | Vaults:2 | XOM: summons 1 hostile demon
 47490 | Vaults:3 | Reached skill level 15 in Earth Magic
 47652 | Vaults:2 | XOM: give mutations
 47652 | Vaults:2 | Lost mutation: You are robust. (+10% HP) [Xom's mischief]
 47652 | Vaults:2 | Lost mutation: You have sharp fingernails. [Xom's mischief]
 47652 | Vaults:2 | Gained mutation: Your mind is very acute. (Int +8, Str/Dex
                  | -2) [Xom's mischief]
 47814 | Vaults:3 | XOM: give mutations
 47814 | Vaults:3 | Lost mutation: You occasionally lose the ability to drink
                  | potions when taking damage. [Xom's mischief]
 47814 | Vaults:3 | Lost mutation: Your spells are a little harder to cast, but
                  | a little more powerful. [Xom's mischief]
 47814 | Vaults:3 | Lost mutation: Your skin changes colour to match your
                  | surroundings (Stealth+). [Xom's mischief]
 47834 | Vaults:3 | XOM: 1-stop teleportation journey
 47931 | Vaults:3 | Killed Norris
 47937 | Vaults:3 | XOM: potion effect (invisibility)
 48374 | Vaults:3 | XOM: silly message
 48488 | Vaults:3 | XOM: enchant monster (bad)
 48491 | Vaults:3 | XOM: polymorph ironbound convoker -> rime drake
 48509 | Vaults:3 | XOM: cleaving
 48574 | Vaults:3 | XOM: divination: detect creatures
 48749 | Vaults:3 | XOM: fog
 49001 | Vaults:4 | Reached skill level 17 in Fighting
 49090 | Vaults:4 | Noticed Donald
 49099 | Vaults:4 | Killed Donald
 49109 | Vaults:4 | XOM: cleaving
 49114 | Vaults:4 | XOM: confuse monster(s)
 49137 | Vaults:4 | Reached XP level 21. HP: 192/192 MP: 34/34
 49263 | Vaults:4 | Reached skill level 18 in Fighting
 49292 | Vaults:4 | XOM: destruction
 49317 | Vaults:4 | XOM: 2-stop teleportation journey
 49391 | Vaults:4 | XOM: fog
 49393 | Vaults:4 | XOM: divination: detect items
 49525 | Vaults:4 | Noticed Saint Roka
 49561 | Vaults:4 | Killed Saint Roka
 49827 | Vaults:4 | Found Ugekudekh's Assorted Antiques.
 49919 | Vaults:4 | XOM: noise
 50129 | Vaults:4 | XOM: confuse monster(s)
 50139 | Vaults:4 | Reached skill level 19 in Fighting
 50140 | Vaults:4 | XOM: cast spell 'Summon Small Mammal'
 50170 | Vaults:4 | Noticed Mara
 50172 | Vaults:4 | Noticed NormalPerson7's illusion
 50179 | Vaults:4 | Killed Mara
 50187 | Vaults:4 | XOM: cloud trail
 50393 | Vaults:4 | XOM: enchant monster (good)
 50836 | Orc:1    | XOM: give mutations
 50836 | Orc:1    | Gained mutation: You have very sharp teeth. [Xom's grace]
 50836 | Orc:1    | Gained mutation: You are strong-willed. (Will+) [Xom's
                  | grace]
 50947 | Elf:3    | Entered Level 3 of the Elven Halls
 51027 | Elf:3    | Found the +7 great mace "Undeadhunter" {deathbane, rN+}
 51030 | Elf:3    | XOM: summons 5 friendly demons
 51100 | Elf:3    | Paralysed by an air elemental for 1 turns
 51142 | Elf:3    | XOM: 4-stop teleportation journey
 51144 | Elf:3    | XOM: destruction
 51399 | Elf:3    | Reached skill level 20 in Fighting
 51468 | Elf:3    | XOM: 1-stop teleportation journey
 51493 | Elf:3    | XOM: cleaving
 51497 | Elf:3    | XOM: smoke on damage
 51730 | Elf:3    | XOM: smoke on damage
 51738 | Elf:3    | Identified the +10 falchion "Newtslayer" {vamp, rF+ rN+
                  | rCorr}
 51738 | Elf:3    | Identified the orb of Fota {guile, *Corrode rC+ Fire}
 51739 | Elf:3    | XOM: summons friendly shadow imp
 51741 | Elf:3    | XOM: confuse monster(s)
 51884 | Elf:3    | XOM: scenery: create altars
 52046 | Elf:3    | XOM: smoke on damage
 52053 | Elf:3    | Got the Spellbook of Energy
 52056 | Elf:3    | Identified the +5 ring mail "Cyluc" {Str+3}
 52129 | Elf:3    | Found the Hermit's Pendant {Faith Invo=14 Evo=0 MP+5}
 52136 | Elf:3    | XOM: divine lightning
 52154 | Elf:3    | Identified the +2 whip of Ewoanoph {protect, rC+ Will+
                  | Str-4}
 52161 | Elf:3    | Identified the ring of Goef {Wiz Str+3}
 52170 | Elf:3    | Identified the staff of Hubris {*Corrode Fly Str+2 Conj
                  | Necro}
 52190 | Elf:3    | Learned a level 6 spell: Bombard
 52200 | Elf:3    | Identified the +9 trident "Havevveh" {freeze, rElec rF+
                  | Str+2}
 52466 | Elf:1    | XOM: give mutations
 52466 | Elf:1    | Lost mutation: You have very sharp teeth. [Xom's mischief]
 52466 | Elf:1    | Gained mutation: Your spells are a little easier to cast,
                  | but a little less powerful. [Xom's mischief]
 52466 | Elf:1    | Gained mutation: Your body sometimes deteriorates upon
                  | taking damage. [Xom's mischief]
 52611 | D:11     | XOM: give mutations
 52611 | D:11     | Lost mutation: Your system is resistant to poisons. (rPois)
                  | [Xom's mischief]
 52611 | D:11     | Lost mutation: Your mind is very acute. (Int +8, Str/Dex
                  | -2) [Xom's mischief]
 52611 | D:11     | Gained mutation: Your body often deteriorates upon taking
                  | damage. [Xom's mischief]
 52611 | D:11     | Gained mutation: You have hidden genetic potential. [Xom's
                  | mischief]
 52728 | Depths:1 | Entered Level 1 of the Depths
 52728 | Depths:1 | XOM: enchant monster (good)
 52737 | Depths:1 | XOM: chaos cloud
 52741 | Depths:1 | XOM: enchant monster (good)
 52977 | Depths:1 | XOM: cleaving
 52994 | Depths:1 | Found a one-way gate leading to the halls of Pandemonium.
 53130 | Depths:1 | XOM: divine lightning
 53143 | Depths:1 | XOM: summons 1 hostile demon
 53146 | Depths:1 | XOM: polymorph quasit -> ufetubus
 53335 | Depths:1 | Found a gateway to Hell.
 53336 | Depths:1 | Found Puekuq's Self-Improvement Boutique.
 53484 | Depths:1 | Found a one-way gate to the infinite horrors of the Abyss.
 53592 | Depths:1 | XOM: smoke on damage
 53696 | Depths:1 | XOM: give mutations
 53696 | Depths:1 | Lost mutation: Your muscles are strong. (Str +4, Int/Dex
                  | -1) [Xom's mischief]
 53696 | Depths:1 | Lost mutation: You are strong-willed. (Will+) [Xom's
                  | mischief]
 53884 | D:13     | XOM: stat loss: -1 Dex (12/13)
 54142 | Vaults:1 | XOM: stat loss: -1 Int (19/21)
 54236 | D:15     | XOM: silly message
 54276 | Depths:1 | Bought a manual of Shields for 1440 gold pieces
 54334 | Depths:2 | Reached XP level 22. HP: 207/207 MP: 23/35
 54364 | Depths:2 | Reached skill level 10 in Shields
 54388 | Depths:2 | XOM: polymorph brown very ugly thing -> white very ugly
                  | thing
 54509 | Depths:2 | XOM: polymorph deep troll earth mage -> deep troll earth
                  | mage
 54543 | Depths:2 | XOM: blink monster(s)
 54751 | Depths:2 | XOM: 1-stop teleportation journey
 54831 | Depths:2 | XOM: polymorph spark wasp -> glass eye
 55182 | Depths:2 | XOM: summons 6 friendly demons
 55218 | Depths:2 | XOM: confuse monster(s)
 55271 | Depths:2 | XOM: scenery: 1 doors close
 55363 | Depths:2 | Noticed a caustic shrike
 55363 | Depths:2 | Noticed a juggernaut
 55369 | Depths:2 | Killed a caustic shrike
 55369 | Depths:2 | XOM: smoke on damage
 55389 | Depths:2 | Killed a juggernaut
 55512 | Depths:2 | XOM: divination: magic mapping
 55591 | Depths:2 | XOM: cast spell 'Alistair's Intoxication'
 55687 | Depths:2 | Reached skill level 15 in Shields
 55786 | Depths:2 | Got Joeqit's Incunable of the Blaze
 56058 | Depths:2 | XOM: enchant monster (bad)
 56354 | Depths:3 | Found a magical portal.
 56361 | WizLab   | Entered Cigotuvi's Fleshworks
 56394 | WizLab   | XOM: polymorph cyan ugly thing -> white ugly thing
 56672 | WizLab   | XOM: destruction
 56691 | WizLab   | Gained mutation: You have sharp toenails. [hidden
                  | potential]
 56730 | WizLab   | XOM: cleaving
 56741 | WizLab   | XOM: enchant monster (good)
 56855 | WizLab   | Gained mutation: You are frail. (-10% HP) [mutagenic glow]
 56887 | WizLab   | XOM: cleaving
 56910 | WizLab   | Got Cigotuvi's Directory of Creeping Degeneration
 57054 | WizLab   | Gained mutation: You are clumsy. (Dex -2) [mutagenic glow]
 57076 | WizLab   | XOM: 2-stop teleportation journey
 57108 | WizLab   | Found the +4 Cigotuvi's embrace {Corpsefed rMiasma ^Drain
                  | rN+}
 57500 | WizLab   | Lost mutation: Your mind is acute. (Int +4, Str/Dex -1)
                  | [potion of mutation]
 57500 | WizLab   | Lost mutation: You are frail. (-10% HP) [potion of
                  | mutation]
 57500 | WizLab   | Gained mutation: You passively dampen the noise of your
                  | surroundings. [potion of mutation]
 57500 | WizLab   | Gained mutation: You are weak. (Str -2) [potion of
                  | mutation]
 57501 | WizLab   | Lost mutation: You passively dampen the noise of your
                  | surroundings. [potion of mutation]
 57501 | WizLab   | Lost mutation: You are clumsy. (Dex -2) [potion of
                  | mutation]
 57501 | WizLab   | Gained mutation: Your flesh is cold resistant. (rC+)
                  | [potion of mutation]
 57801 | Depths:3 | XOM: enchant monster (bad)
 57831 | Depths:3 | XOM: cast spell 'Metabolic Englaciation'
 57843 | Depths:3 | Reached skill level 21 in Fighting
 57896 | Depths:3 | XOM: summons 4 hostile demons
 57912 | Depths:3 | Found a runed translucent door.
 57939 | Depths:3 | XOM: noise
 57971 | Depths:3 | XOM: silly message
 58025 | Depths:3 | XOM: potion effect (brilliance)
 58081 | Depths:3 | Reached XP level 23. HP: 220/220 MP: 36/36
 58092 | Depths:3 | XOM: enchant monster (good)
 58336 | Depths:3 | XOM: summons 2 hostile shadow creatures
 58342 | Depths:3 | Found a runed translucent door.
 58342 | Depths:3 | Noticed a caustic shrike
 58631 | Depths:3 | XOM: noise
 58873 | Depths:3 | Reached skill level 22 in Fighting
 58958 | Depths:3 | XOM: stat loss: -1 Dex (15/16)
 59033 | Depths:4 | Entered Level 4 of the Depths
 59039 | Depths:3 | XOM: polymorph deep troll -> blink frog
 59139 | Depths:4 | Noticed a juggernaut
 59152 | Depths:4 | Killed a juggernaut
 59158 | Depths:4 | Found a one-way gateway to a ziggurat.
 59190 | Depths:4 | XOM: 2-stop teleportation journey
 59300 | Depths:4 | XOM: enchant monster (bad)
 59321 | Depths:4 | XOM: summons 1 hostile demon
 59330 | Depths:4 | XOM: stat loss: -1 Int (16/17)
 59511 | Depths:4 | Identified the +3 robe "Mewetouc" {Int+3}
 59511 | Depths:4 | Noticed Boris
 59527 | Depths:4 | Killed Boris
 59528 | Depths:4 | Reached skill level 10 in Conjurations
 59682 | Depths:4 | XOM: give mutations
 59682 | Depths:4 | Lost mutation: You have sharp toenails. [Xom's mischief]
 59682 | Depths:4 | Gained mutation: You are clumsy. (Dex -2) [Xom's mischief]
 59687 | Depths:4 | XOM: give mutation
 59687 | Depths:4 | Lost mutation: Your flesh is cold resistant. (rC+) [Xom's
                  | mischief]
 59860 | Depths:4 | XOM: confuse monster(s)
 60210 | Depths:4 | XOM: god gift: great mace {god gift}
 60222 | Depths:4 | XOM: god gift: 722 gold pieces
 60262 | Depths:4 | Gained mutation: You are covered in thick fur. (AC +2)
                  | [hidden potential]
 60262 | Depths:4 | Lost mutation: You have hidden genetic potential. [hidden
                  | potential expressed]
 60423 | Depths:4 | Found Soziubommo's Book Emporium.
 60424 | Depths:4 | Found Fuemnos's Jewellery Shop.
 60426 | Depths:4 | Found Biuhe's Book Emporium.
 60441 | Depths:4 | Bought a book of Touch for 352 gold pieces
 60615 | D:15     | Learned a level 4 spell: Dispel Undead
 60650 | D:15     | XOM: god gift: Uduy's Atlas of Peregrination and Bedrock
                  | {god gift}
 60651 | D:15     | Got Uduy's Atlas of Peregrination and Bedrock {god gift}
 60886 | Depths:2 | XOM: scenery: 1 doors close
 61223 | Crypt:1  | Entered Level 1 of the Crypt
 61227 | Crypt:1  | You are sucked into a shaft and drop 1 floor!
 61350 | Crypt:2  | XOM: 5-stop teleportation journey
 61392 | Crypt:2  | XOM: confusion
 61651 | Crypt:1  | XOM: scenery: summon butterflies
 62100 | Crypt:1  | XOM: scenery: summon butterflies
 62138 | Crypt:1  | Identified the ring "Qiry" {rC+ rN+ Will+ Int-5}
 62346 | Crypt:1  | XOM: divination: magic mapping
 62574 | Crypt:1  | XOM: summons 10 friendly demons
 62792 | Crypt:1  | XOM: silly message
 62811 | Crypt:1  | Identified a scroll of acquirement
 62826 | Crypt:1  | Acquired 866 gold pieces
 63047 | Depths:1 | Bought a manual of Dodging for 1440 gold pieces
 63340 | Crypt:1  | XOM: silly message
 63623 | Crypt:2  | XOM: potion effect (invisibility)
 63992 | Crypt:2  | XOM: potion effect (curing)
 64068 | Crypt:2  | XOM: 3-stop teleportation journey
 64373 | Crypt:3  | Entered Level 3 of the Crypt
 64770 | Crypt:3  | XOM: divination: detect creatures
 64984 | Crypt:3  | XOM: divination: detect creatures
 65188 | Crypt:3  | Found an ancient bone altar of Kikubaaqudgha.
 65192 | Crypt:3  | Noticed a dread lich
 65201 | Crypt:3  | XOM: cloud trail
 65207 | Crypt:3  | Killed a dread lich
 65208 | Crypt:3  | Reached XP level 24. HP: 228/231 MP: 13/36
 65388 | Crypt:3  | XOM: 1-stop teleportation journey
 65517 | Crypt:3  | Reached skill level 15 in Dodging
 65634 | Crypt:3  | XOM: cast spell 'Dispersal'
 65865 | Crypt:3  | XOM: silly message
 66002 | Crypt:3  | Got the Catalogue of Gloom
 66023 | Crypt:3  | Noticed Mennas
 66058 | Crypt:3  | Killed Mennas
 66145 | Crypt:3  | XOM: 6-stop teleportation journey
 66245 | Crypt:3  | XOM: swap monsters
 66261 | Crypt:3  | XOM: silly message
 66418 | Crypt:3  | XOM: potion effect (attraction)
 66433 | Crypt:3  | XOM: silly message
 66498 | Crypt:3  | XOM: cast spell 'Leda's Liquefaction'
 66847 | D:14     | XOM: silly message
 67966 | Crypt:3  | XOM: 4-stop teleportation journey
 68153 | Crypt:3  | Found a staircase to the Tomb.
 68769 | Depths:4 | XOM: god gift: scroll of silence
 68840 | Depths:4 | Found a gate to the Realm of Zot.
 69104 | D:11     | XOM: give mutations
 69104 | D:11     | Lost mutation: Your spells are a little easier to cast, but
                  | a little less powerful. [Xom's mischief]
 69104 | D:11     | Lost mutation: You are weak. (Str -2) [Xom's mischief]
 69137 | D:11     | XOM: noise
 69298 | Slime:1  | Entered Level 1 of the Pits of Slime
 69355 | Slime:2  | XOM: blink monster(s)
 69413 | Lair:5   | XOM: confusion
 69430 | Lair:5   | XOM: summons 1 hostile demon
 70032 | Slime:3  | Gained mutation: You are weak. (Str -2) [a shining eye]
 70036 | Slime:3  | Gained mutation: You occasionally lose the ability to read
                  | scrolls when taking damage. [a shining eye]
 70038 | Slime:2  | XOM: give mutations
 70038 | Slime:2  | Gained mutation: You occasionally lose the ability to drink
                  | potions when taking damage. [Xom's mischief]
 70038 | Slime:2  | Lost mutation: You are covered in thick fur. (AC +2) [Xom's
                  | mischief]
 70038 | Slime:2  | Lost mutation: You are weak. (Str -2) [Xom's mischief]
 70038 | Slime:2  | Gained mutation: You have sharp toenails. [Xom's mischief]
 70078 | Slime:2  | XOM: give mutations
 70078 | Slime:2  | Gained mutation: You are somewhat resistant to further
                  | mutation. [Xom's grace]
 70078 | Slime:2  | Gained mutation: You are strong-willed. (Will+) [Xom's
                  | grace]
 70078 | Slime:2  | Gained mutation: You have a pair of small horns on your
                  | head. [Xom's grace]
 70078 | Slime:2  | Gained mutation: You expend magic power (3 MP) to
                  | strengthen your wands. [Xom's grace]
 70203 | Slime:2  | Lost mutation: You occasionally lose the ability to read
                  | scrolls when taking damage. [potion of mutation]
 70203 | Slime:2  | Lost mutation: You have sharp toenails. [potion of
                  | mutation]
 70203 | Slime:2  | Gained mutation: Your tail ends in a venomous barb. [potion
                  | of mutation]
 70204 | Slime:2  | Lost mutation: Your flesh is very heat resistant. (rF++)
                  | [potion of mutation]
 70204 | Slime:2  | Lost mutation: You expend magic power (3 MP) to strengthen
                  | your wands. [potion of mutation]
 70426 | Slime:4  | XOM: noise
 70438 | Slime:5  | Entered Level 5 of the Pits of Slime
 70453 | Slime:4  | XOM: potion effect (invisibility)
 70473 | Slime:4  | XOM: silly message
 70495 | Slime:4  | XOM: cast spell 'Olgreb's Toxic Radiance'
 70573 | Slime:4  | XOM: give mutation
 70573 | Slime:4  | Lost mutation: You occasionally lose the ability to drink
                  | potions when taking damage. [Xom's mischief]
 70676 | Slime:4  | XOM: 1-stop teleportation journey
 70934 | Slime:5  | XOM: summons 16 friendly demons
 70987 | Slime:5  | XOM: stat loss: -1 Str (21/23)
 70997 | Slime:5  | XOM: noise
 71017 | Slime:5  | Paralysed by a formless jellyfish for 1 turns
 71038 | Slime:5  | Paralysed by a formless jellyfish for 1 turns
 71081 | Slime:4  | XOM: 1-stop teleportation journey
 71242 | Slime:4  | XOM: scenery: summon butterflies
 71311 | Slime:5  | XOM: polymorph eye of devastation -> glowing shapeshifter
 71333 | Slime:5  | XOM: destruction
 71356 | Slime:5  | Noticed the Royal Jelly
 71359 | Slime:5  | XOM: cast spell 'Metabolic Englaciation'
 71365 | Slime:5  | XOM: polymorph slime creature -> goliath frog
 71369 | Slime:5  | XOM: 5-stop teleportation journey
 71393 | Slime:5  | XOM: cast spell 'Summon Mana Viper'
 71687 | Slime:5  | Reached skill level 10 in Evocations
 71696 | Slime:5  | Found a viscous altar of Jiyva.
 71702 | Slime:5  | Found the ring of the Hare {EV+10}
 71711 | Slime:5  | Found the +5 glaive of the Guard {elec, spectral}
 71773 | Slime:5  | XOM: confuse monster(s)
 71777 | Slime:5  | XOM: summons friendly quasit
 71789 | Slime:5  | Killed the Royal Jelly
 72140 | Slime:5  | Got Sif Muna's Textbook on Shared Coordinates
 72143 | Slime:5  | Got a slimy rune of Zot
 72157 | Slime:5  | Identified the +2 scale mail of Zylan {rF+ Int+4}
 72177 | Slime:5  | Identified the +1 chain mail of an ice cave {Fly Dex+6}
 72199 | Slime:5  | Identified the +3 ring mail of the Hidden Dreams {rElec
                  | Regen+ Str+4 Slay+2}
 72277 | Slime:5  | XOM: stat loss: -1 Dex (13/14)
 72386 | Lair:5   | XOM: give mutation
 72386 | Lair:5   | Lost mutation: You have a pair of small horns on your head.
                  | [Xom's mischief]
 72558 | D:11     | XOM: give mutation
 72558 | D:11     | Gained mutation: You have a pair of small horns on your
                  | head. [Xom's grace]
 72836 | Zot:1    | Entered Level 1 of the Realm of Zot
 72837 | Zot:1    | Found a white marble altar of Elyvilon.
 72857 | Zot:1    | Found a glowing silver altar of Zin.
 72869 | Zot:1    | Found a glowing golden altar of the Shining One.
 72891 | Zot:1    | XOM: 1-stop teleportation journey
 72903 | Zot:1    | XOM: 1-stop teleportation journey
 72907 | Zot:1    | Identified the ring of Zupsoos {Ice rCorr Stlth+}
 72907 | Zot:1    | Noticed Josephina
 72923 | Zot:1    | XOM: enchant monster (good)
 72934 | Zot:1    | XOM: cast spell 'Metabolic Englaciation'
 72943 | Zot:1    | Killed Josephina
 73149 | Zot:1    | XOM: scenery: 1 doors open, 1 doors close
 73154 | Zot:1    | XOM: summons 4 hostile demons
 73242 | Zot:1    | XOM: god gift: scarf of resistance
 73382 | Zot:1    | XOM: confusion
 73392 | Zot:1    | XOM: 4-stop teleportation journey
 73478 | Zot:1    | XOM: polymorph tentacled monstrosity -> Hell Sentinel
 73577 | Zot:1    | Noticed Grunn
 73614 | Zot:1    | Reached XP level 25. HP: 233/238 MP: 26/36
 73631 | Zot:1    | XOM: chaos upgrade
 73638 | Zot:1    | Killed Grunn
 73652 | Zot:1    | XOM: cleaving
 73812 | Zot:1    | XOM: give mutation
 73812 | Zot:1    | Gained mutation: You are partially covered in large bone
                  | plates. (SH +4) [Xom's mischief]
 73844 | Zot:1    | Identified the ring of the Kraken {Will+ AC+4 SInv}
 73844 | Zot:1    | XOM: 5-stop teleportation journey
 73881 | Zot:1    | XOM: summons 1 hostile demon
 74223 | Zot:1    | XOM: stat loss: -1 Dex (13/14)
 74276 | Zot:1    | XOM: noise
 74546 | Zot:1    | XOM: give mutations
 74546 | Zot:1    | Gained mutation: You are highly strong-willed. (Will++)
                  | [Xom's mischief]
 74546 | Zot:1    | Lost mutation: Your body often deteriorates upon taking
                  | damage. [Xom's mischief]
 74546 | Zot:1    | Lost mutation: You are highly strong-willed. (Will++)
                  | [Xom's mischief]
 74546 | Zot:1    | Lost mutation: You have a pair of small horns on your head.
                  | [Xom's mischief]
 74554 | Zot:1    | XOM: noise
 74573 | Zot:1    | XOM: draining
 74575 | Zot:1    | XOM: silly message
 74630 | Zot:1    | XOM: give mutation
 74630 | Zot:1    | Gained mutation: Your muscles are strong. (Str +4, Int/Dex
                  | -1) [Xom's mischief]
 74676 | Zot:2    | XOM: 2-stop teleportation journey
 74772 | Zot:2    | XOM: give mutations
 74772 | Zot:2    | Gained mutation: Your tail ends in a sharp venomous barb.
                  | [Xom's grace]
 74772 | Zot:2    | Gained mutation: Your flesh is very heat resistant. (rF++)
                  | [Xom's grace]
 74772 | Zot:2    | Gained mutation: You have sharp fingernails. [Xom's grace]
 74796 | Zot:2    | XOM: blink monster(s)
 74806 | Zot:2    | XOM: enchant monster (good)
 75033 | Zot:2    | XOM: divine lightning
 75081 | Zot:2    | XOM: divination: detect creatures
 75625 | Zot:2    | XOM: god gift: +2 demon trident of draining
 75636 | Zot:2    | XOM: summons 5 hostile demons
 75892 | Zot:3    | XOM: potion effect (invisibility)
 76095 | Zot:3    | XOM: noise
 76096 | Zot:3    | XOM: summons 5 friendly demons
 76101 | Zot:3    | XOM: repel stairs
 76187 | Zot:3    | XOM: cast spell 'Disjunction'
 76196 | Zot:3    | XOM: enchant monster (bad)
 76220 | Zot:3    | Reached skill level 23 in Fighting
 76456 | Zot:3    | XOM: 2-stop teleportation journey
 76534 | Zot:3    | XOM: silly message
 76579 | Zot:3    | XOM: 6-stop teleportation journey
 76596 | Zot:3    | XOM: cloud trail
 76746 | Zot:3    | XOM: polymorph golden dragon -> catoblepas
 76760 | Zot:3    | XOM: cast spell 'Metabolic Englaciation'
 77057 | Zot:3    | XOM: 1-stop teleportation journey
 77079 | Zot:3    | XOM: polymorph red draconian scorcher -> red draconian
                  | scorcher
 77161 | Zot:3    | Identified the staff of Jiriosel {rElec rF+ rN+ Necro Fire}
 77166 | Zot:3    | XOM: cast spell 'Disjunction'
 77170 | Zot:3    | XOM: noise
 77184 | Zot:3    | XOM: summons 4 friendly demons
 77198 | Zot:3    | XOM: cast spell 'Cause Fear'
 77233 | Zot:3    | Reached skill level 1 in Stealth
 77339 | Zot:3    | Found the +12 glaive of Prune {freeze, Prune}
 78010 | Zot:4    | XOM: swap monsters
 78021 | Zot:4    | XOM: summons friendly quasit
 78211 | Zot:4    | XOM: god gift: 40 gold pieces
 78252 | Zot:4    | XOM: noise
 78269 | Zot:4    | Reached skill level 24 in Fighting
 78623 | Zot:4    | XOM: summons 5 hostile demons
 78627 | Zot:4    | Noticed Parghit
 78628 | Zot:4    | XOM: chaos upgrade
 79064 | Zot:4    | XOM: polymorph green draconian monk -> minotaur
 79069 | Zot:4    | XOM: 3-stop teleportation journey
 79379 | Zot:4    | Killed Parghit
 79390 | Zot:4    | XOM: stat loss: -1 Dex (12/13)
 79522 | Zot:4    | XOM: stat loss: -1 Int (10/11)
 79771 | Zot:4    | XOM is BORED!
 79771 | Zot:4    | XOM: summons 4 hostile shadow creatures
 80059 | Zot:5    | Entered Level 5 of the Realm of Zot
 80108 | Zot:5    | Reached XP level 26. HP: 248/256 MP: 36/36
 80240 | Zot:5    | XOM: enchant monster (good)
 80315 | Zot:5    | XOM: blink monster(s)
 80323 | Zot:5    | XOM: chaos upgrade
 80465 | Zot:5    | XOM: summons 4 hostile shadow creatures
 80695 | Zot:5    | XOM: summons 1 hostile demon
 80723 | Zot:5    | Noticed an ancient lich
 80743 | Zot:5    | Killed an ancient lich
 80925 | Zot:5    | Reached skill level 25 in Fighting
 80926 | Zot:5    | Noticed a dread lich
 80926 | Zot:5    | XOM: 1-stop teleportation journey
 80929 | Zot:5    | Noticed an ancient lich
 81006 | Zot:5    | XOM: give mutation
 81006 | Zot:5    | Gained mutation: You possess an exceptional clarity of
                  | mind. [Xom's grace]
 81012 | Zot:5    | XOM: swap monsters
 81027 | Zot:5    | XOM: noise
 81035 | Zot:5    | XOM: potion effect (magic)
 81078 | Zot:4    | XOM: give mutation
 81078 | Zot:4    | Gained mutation: Your tail ends in a wickedly sharp and
                  | venomous barb. [Xom's grace]
 81142 | Zot:5    | XOM: cast spell 'Olgreb's Toxic Radiance'
 81174 | Zot:4    | XOM: cast spell 'Metabolic Englaciation'
 81274 | Zot:5    | XOM: smoke on damage
 81310 | Zot:4    | XOM: god gift: glowing glaive {god gift}
 81353 | Zot:5    | XOM: cast spell 'Metabolic Englaciation'
 81365 | Zot:5    | XOM: divination: detect creatures
 81436 | Zot:5    | Noticed an ancient lich
 81447 | Zot:5    | Killed an ancient lich
 81598 | Zot:5    | Noticed an ancient lich
 81609 | Zot:5    | XOM: cleaving
 81612 | Zot:5    | XOM: confuse monster(s)
 81614 | Zot:5    | Killed an ancient lich
 81636 | Zot:5    | Noticed an orb of fire
 81653 | Zot:5    | Gained mutation: You are very clumsy. (Dex -4) [an orb of
                  | fire]
 81654 | Zot:5    | Killed a dread lich
 81655 | Zot:5    | XOM: cleaving
 81655 | Zot:5    | Gained mutation: You occasionally lose the ability to read
                  | scrolls when taking damage. [an orb of fire]
 81668 | Zot:5    | Gained mutation: You occasionally lose the ability to drink
                  | potions when taking damage. [an orb of fire]
 81670 | Zot:5    | XOM: silly message
 81673 | Zot:5    | Killed an orb of fire
 81676 | Zot:5    | Noticed an ancient lich
 81685 | Zot:5    | Killed an ancient lich
 81693 | Zot:5    | XOM: silly message
 81798 | Zot:5    | XOM: cast spell 'Chain of Chaos'
 81843 | Zot:4    | Lost mutation: Your flesh is very heat resistant. (rF++)
                  | [potion of mutation]
 81843 | Zot:4    | Lost mutation: Your muscles are strong. (Str +4, Int/Dex
                  | -1) [potion of mutation]
 81843 | Zot:4    | Lost mutation: You are covered in fur. (AC +1) [potion of
                  | mutation]
 81844 | Zot:4    | Lost mutation: Your tail ends in a wickedly sharp and
                  | venomous barb. [potion of mutation]
 81844 | Zot:4    | Lost mutation: Your flesh is heat resistant. (rF+) [potion
                  | of mutation]
 81845 | Zot:4    | Lost mutation: You possess an exceptional clarity of mind.
                  | [potion of mutation]
 81845 | Zot:4    | Lost mutation: You are strong-willed. (Will+) [potion of
                  | mutation]
 81845 | Zot:4    | Gained mutation: You have large cloven feet. [potion of
                  | mutation]
 81846 | Zot:4    | Lost mutation: You have large cloven feet. [potion of
                  | mutation]
 81846 | Zot:4    | Lost mutation: You occasionally lose the ability to drink
                  | potions when taking damage. [potion of mutation]
 81846 | Zot:4    | Lost mutation: You have sharp fingernails. [potion of
                  | mutation]
 81847 | Zot:4    | Lost mutation: You are somewhat resistant to further
                  | mutation. [potion of mutation]
 81847 | Zot:4    | Lost mutation: Your body sometimes deteriorates upon taking
                  | damage. [potion of mutation]
 81847 | Zot:4    | Lost mutation: You are very clumsy. (Dex -4) [potion of
                  | mutation]
 81847 | Zot:4    | Gained mutation: You are frail. (-10% HP) [potion of
                  | mutation]
 81847 | Zot:4    | Gained mutation: You have hidden genetic defects. [potion
                  | of mutation]
 81847 | Zot:4    | Gained mutation: You have a pair of small horns on your
                  | head. [potion of mutation]
 81848 | Zot:4    | Lost mutation: You are partially covered in large bone
                  | plates. (SH +4) [potion of mutation]
 81848 | Zot:4    | Lost mutation: You have hidden genetic defects. [potion of
                  | mutation]
 81848 | Zot:4    | Gained mutation: Potions are less effective at restoring
                  | your health. [potion of mutation]
 81848 | Zot:4    | Lost mutation: You are frail. (-10% HP) [potion of
                  | mutation]
 81848 | Zot:4    | Gained mutation: You have sharp fingernails. [potion of
                  | mutation]
 81849 | Zot:4    | Lost mutation: You occasionally lose the ability to read
                  | scrolls when taking damage. [potion of mutation]
 81849 | Zot:4    | Lost mutation: You are clumsy. (Dex -2) [potion of
                  | mutation]
 81849 | Zot:4    | Lost mutation: Potions are less effective at restoring your
                  | health. [potion of mutation]
 81849 | Zot:4    | Gained mutation: You sometimes lose your temper in combat.
                  | [potion of mutation]
 81849 | Zot:4    | Gained mutation: Your flesh is cold resistant. (rC+)
                  | [potion of mutation]
 81849 | Zot:4    | Gained mutation: You are agile. (Dex +4, Str/Int -1)
                  | [potion of mutation]
 81850 | Zot:4    | Lost mutation: You have sharp fingernails. [potion of
                  | mutation]
 81850 | Zot:4    | Lost mutation: You are agile. (Dex +4, Str/Int -1) [potion
                  | of mutation]
 81850 | Zot:4    | Gained mutation: Your large and strong wings let you fly.
                  | [potion of mutation]
 81850 | Zot:4    | Gained mutation: Your mind is acute. (Int +4, Str/Dex -1)
                  | [potion of mutation]
 81851 | Zot:4    | Lost mutation: Your mind is acute. (Int +4, Str/Dex -1)
                  | [potion of mutation]
 81851 | Zot:4    | Lost mutation: You have a pair of small horns on your head.
                  | [potion of mutation]
 81851 | Zot:4    | Lost mutation: Your tail ends in a sharp venomous barb.
                  | [potion of mutation]
 81851 | Zot:4    | Gained mutation: Your spells are a little easier to cast,
                  | but a little less powerful. [potion of mutation]
 81851 | Zot:4    | Gained mutation: You are strong-willed. (Will+) [potion of
                  | mutation]
 81852 | Zot:4    | Lost mutation: You sometimes lose your temper in combat.
                  | [potion of mutation]
 81852 | Zot:4    | Lost mutation: You are strong-willed. (Will+) [potion of
                  | mutation]
 81852 | Zot:4    | Gained mutation: Your mind is acute. (Int +4, Str/Dex -1)
                  | [potion of mutation]
 81852 | Zot:4    | Lost mutation: Your flesh is cold resistant. (rC+) [potion
                  | of mutation]
 82216 | D:12     | XOM: give mutations
 82216 | D:12     | Gained mutation: You have a somewhat thin skeletal
                  | structure. (Dex +2, Stealth+) [Xom's grace]
 82216 | D:12     | Gained mutation: You have sharp toenails. [Xom's grace]
 82216 | D:12     | Lost mutation: You have sharp toenails. [Xom's grace]
 82216 | D:12     | Gained mutation: You have large cloven feet. [Xom's grace]
 83055 | Zot:3    | XOM: draining
 83110 | Zot:5    | XOM: potion effect (might)
 83287 | Zot:5    | Noticed a dread lich
 83298 | Zot:5    | Killed a dread lich
 83337 | Zot:5    | XOM: summons friendly quasit
 83341 | Zot:5    | Killed an ancient lich
 83342 | Zot:5    | Reached skill level 26 in Fighting
 83344 | Zot:5    | Noticed an orb of fire
 83344 | Zot:5    | XOM: summons 2 friendly demons
 83354 | Zot:5    | XOM: divination: magic mapping
 83355 | Zot:5    | XOM: divination: detect items
 83364 | Zot:5    | Gained mutation: You do not regenerate when monsters are
                  | visible. [an orb of fire]
 83365 | Zot:5    | Killed an orb of fire
 83497 | Zot:5    | XOM: summons friendly crimson imp
 83499 | Zot:5    | XOM: divination: magic mapping
 83507 | Zot:5    | Gained mutation: Your body sometimes deteriorates upon
                  | taking damage. [mutagenic glow]
 83524 | Zot:5    | Gained mutation: Your system is resistant to poisons.
                  | (rPois) [mutagenic glow]
 83621 | Zot:5    | XOM: fog
 83692 | Zot:5    | Got the Orb of Zot
 83724 | Zot:5    | Noticed Epsoutro the pandemonium lord
 84016 | Depths:1 | XOM: give mutations
 84016 | Depths:1 | Gained mutation: You expend magic power (3 MP) to
                  | strengthen your wands. [Xom's grace]
 84016 | Depths:1 | Gained mutation: Your flesh is cold resistant. (rC+) [Xom's
                  | grace]
 84016 | Depths:1 | Gained mutation: You have a pair of small horns on your
                  | head. [Xom's grace]
 84194 | D:11     | XOM: summons friendly ufetubus
 84226 | D:9      | Gained mutation: You are frail. (-10% HP) [a cacodemon]
 84237 | D:9      | XOM: summons 16 friendly demons
 84320 | D:6      | XOM: butterfly on damage
 84481 | D:$      | Escaped with the Orb!

Illustrated notes

Levels and vault maps discovered:
D:1:      roderic_dead_forest, layout_basic
D:2:      layout_basic, serial_shops, nicolae_shop_gaudy_bauble,
          chequers_serial_rivers_room_b
D:3:      layout_basic, nicolae_uskayaw_dance_hall, minmay_misc_feat_ornament,
          serial_bayou_lagoon_a
D:4:      layout_loops_ring, nicolae_ossuary_entry_plus,
          chequers_serial_rivers_room_b, hangedman_abyss_or_decor_stabs,
          supply_closet_lemuel, uniq_pikel
D:5:      layout_basic, kennysheep_mini, nemelex_xobeh_ov_fountains_minmay
D:6:      layout_rooms, nicolae_gozag_cash_rules_everything_around_me,
          minmay_temple_entry_enclosed_plants, cheibrodos_sewer_entry_bend,
          serial_library_hellmonk_room_b, kb_rosetta, uniq_prince_ribbit1
D:7:      layout_basic, nicolae_hepliaklqana_monster_ancestors,
          nicolae_kikubaaqudgha_miasma_corner,
          grunt_dithmenos_smoke_and_mirrors, dreamdust_gnoll_farm
D:8:      layout_loops_ring, overflow_temple_1_default, enter_bailey_6,
          serial_shops, nicolae_shop_hallway_stairs
D:9:      minmay_sliced_demisemicircle, layout_basic, erik_lair_island,
          david_orc_5, minmay_guarded_unrand_staff_of_olgreb
D:10:     minmay_the_grid_octo_triangle [minmay_the_grid_octo_shrine,
          minmay_the_grid_octo_prize_ultimate_mussel_roller,
          minmay_the_grid_octo_clover], layout_cave_pools, serial_shops, shop,
          hangedman_abyss_or_decor_stagger, grunt_tough_drop
D:11:     layout_cave_pods, serial_shops, bzr_entry_water, uniq_harold
D:12:     layout_gridville, sword_in_stone, uniq_rupert
D:13:     skrybe_chaotic_catacombs, layout_basic, uniq_sonja
D:14:     layout_loops_ring, minivault_4, mikee_hates_you
D:15:     hangedman_depths_entry_try_elsewhere_first, layout_layer_cave,
          grunt_decor_cap, uniq_louise
Lair:1:   layout_regular_city
Lair:2:   layout_loops_ring, mainiacjoe_swamp_entry_lozenge_pond,
          nicolae_spider_entry_orb_guardian, lemuel_oklob_altar,
          lemuel_fruit_tree
Lair:3:   layout_chaotic_city, nicolae_volcano_entry_batcave,
          serial_bayou_pond_a, minmay_stone_trees_small, columned_hall_lemuel
Lair:4:   layout_cellular_growth, gammafunk_ghost_split, serial_bayou_shore_a,
          infiniplex_staircase_pool_2
Lair:5:   wormcave, layout_cave_pods, hangedman_lair_tendril_chambers,
          slime_entry_1
Swamp:1:  layout_basic_swamp, evilmike_swamp_ruin_house_4
Swamp:2:  layout_falls_marsh, nicolae_swamp_fairy_circle
Swamp:3:  cheibrodos_swamp_heart_of_darkness, layout_basic_swamp,
          hangedman_swamp_ruin_wall, uniq_bai_suzhen
Swamp:4:  byrel_swamp_growth_death_and_undeath, layout_basic_swamp
Spider:1: layout_spider_delve, uniq_nikola, uniq_jorgrun
Spider:2: layout_cave_pods, nicolae_crawler_farm, uniq_arachne, uniq_aizul
Spider:3: layout_cave_pods, nicolae_spider_solar_radiation
Spider:4: spider_rune_water
Slime:1:  layout_caves
Slime:2:  layout_caves
Slime:3:  layout_caves
Slime:4:  layout_caves
Slime:5:  slime_pit_nicolae_royal_road_to_ruin
Orc:1:    layout_caves, elves_outpost_lemuel
Orc:2:    pubby_orc_utopia, uniq_snorg
Elf:1:    minmay_coctagon, layout_gridlike, nicolae_elf_crossing_hall,
          chequers_hall_statues_corner_a, minmay_shop_star
Elf:2:    elven_hall_of_blades_hangedman_alternative [nicolae_blade_lattice],
          layout_loops_corners, serial_shops, nicolae_square_shop
Elf:3:    elf_hall_gauntlet_wide, layout_loops_ring
Vaults:1: nicolae_vaults_mitosis, v_misc_33, ontoclasm_vaults_echo,
          nicolae_vaults_storage_room_glass, nicolae_vaults_twisting_passages,
          nicolae_vaults_storage_closets_2,
          nicolae_vaults_doubleplus_tesselated, ontoclasm_vaults_eye,
          layout_vaults_big_cross
Vaults:2: vaults_room_large_hall, nicolae_vaults_closet_pinwheel_5,
          nicolae_vaults_little_squares_4, nicolae_vaults_heart-shaped_vault,
          vaults_dpeg_ring, nicolae_vaults_little_squares_6,
          layout_vaults_omnigrid
Vaults:3: dpeg_vaults_pockets_of_resistance, nicolae_vaults_steering_wheel,
          nicolae_vaults_six-pack, vaults_standard_mumra_enter_the_diamond,
          minmay_crypt_entry_simple_walls, ontoclasm_vaults_chip,
          hangedman_vaults_river_flow, grunt_vaults_bifocal, v_misc_2,
          nicolae_vaults_house_2, vaults_room_hallway, nicolae_vaults_prndl,
          layout_vaults_ring, uniq_norris, uniq_xtahua
Vaults:4: vaults_room_stairs_pillars, nicolae_vaults_tetromino_L_2,
          nicolae_vaults_asterisk, nicolae_vaults_sesquioval_fish,
          nicolae_vaults_asterisk, v_rooms_2, hangedman_vaults_snaps,
          nicolae_vaults_turnstiles, ontoclasm_vaults_decontamination,
          vaults_mumra_hex, nicolae_vaults_wine_cellar,
          nicolae_vaults_octothorpe, serial_library_hellmonk_open_square,
          layout_vaults_big_room, serial_shops, shop, uniq_donald,
          uniq_saint_roka, uniq_mara
Crypt:1:  layout_misc_corridors
Crypt:2:  layout_regular_city, minivault_23, minivault_25
Crypt:3:  cryptofortress_bobbens, uniq_mennas
Depths:1: layout_gridville, grunt_pan_entry_in_and_out, abyss_entry, hell_entry,
          nicolae_shop_self_help
Depths:2: minmay_rotating_shell, layout_basic, kennysheep_flooded_box,
          rand_demon_pan_entry_7, hell_entry, st_stairs_12
Depths:3: thingy_vault_2, layout_honeycomb, mu_enter_wizlab_1,
          regret_index_abyss_entry_earlier_magic,
          hangedman_abyss_or_decor_lesser_grid, grunt_mini_vestibule,
          infiniplex_staircase_zigzag_2
Depths:4: evilmike_zot_entry_hall, layout_gridlike, enter_ziggurat_e,
          amcnicky_mini_rare_corridor_liquid, hell_entry, minmay_shop_grove,
          grunt_megastairs_5, uniq_boris
Zot:1:    layout_gridlike, regret_index_zotdec_alabaster_prism, uniq_grunn,
          uniq_josephina
Zot:2:    layout_twisted_circle
Zot:3:    layout_basic, st_large_dragon_hoard_4
Zot:4:    layout_cathedral_of_symmetry, uniq_parghit
Zot:5:    layout_basic

Skill      XL: |  1  2  3  4  5  6  7  8  9 10 11 12 13 14 15 16 17 18 19 20 21 22 23 24 25 26 |
---------------+-------------------------------------------------------------------------------+-----
Fighting       | 4 5 7 8 9 10 11 12 15 16 17 20 21 22 24 26 | 26.6
Polearms       | 4 6 8 9 12 14 16 | 16.0
Dodging        | 4 5 6 7 10 12 14 16 | 16.8
Evocations     | 3 5 8 12 | 12.0
Conjurations   | 4 6 7 12 14 | 14.0
Alchemy        | 4 6 7 |  7.0
Air Magic      | 2 3 |  3.0
Spellcasting   | 2 5 7 9 |  9.0
Earth Magic    | 6 11 12 13 15 16 18 | 18.0
Necromancy     | 6 11 12 14 | 14.0
Shapeshifting  | 4 10 | 10.0
Shields        | 5 9 17 18 19 20 | 20.6
Translocations | 3 |  3.0
Ice Magic      | 3 12 14 | 14.0
Stealth        | 3 |  3.0

Action                     |  1- 3 |  4- 6 |  7- 9 | 10-12 | 13-15 | 16-18 | 19-21 | 22-24 | 25-27 || total
---------------------------+-------+-------+-------+-------+-------+-------+-------+-------+-------++-------
  Melee: Spear             |   135 |    94 |   742 |       |       |       |       |       |       ||   971
         Tailslap          |     6 |     6 |   101 |    94 |   332 |   281 |   362 |   508 |   347 ||  2037
         Headbutt          |       |     6 |   133 |    67 |       |       |       |   217 |    44 ||   467
         Halberd           |       |       |    26 |   748 |  1809 |    53 |       |       |       ||  2636
         Staff             |       |       |       |       |    60 |   678 |       |    18 |       ||   756
         Maw               |       |       |       |       |       |   446 |   610 |   860 |   528 ||  2444
         Demon trident     |       |       |       |       |       |   718 |  1754 |  2097 |  1493 ||  6062
         Bite              |       |       |       |       |       |       |    14 |       |       ||    14
  Throw: Boomerang         |     1 |     4 |       |    10 |       |       |       |       |       ||    15
         Dart              |       |       |       |     1 |     1 |       |       |     1 |       ||     3
         Throwing net      |       |       |       |       |       |       |       |       |     3 ||     3
   Cast: Mephitic Cloud    |       |       |       |    33 |    70 |    17 |    15 |     1 |     1 ||   137
         Mercury Vapours   |       |       |       |     5 |     5 |       |       |       |       ||    10
         Lee's Rapid Decon |       |       |       |    25 |    66 |    20 |    27 |    66 |       ||   204
         Petrify           |       |       |       |       |    21 |     5 |       |       |       ||    26
         Borgnjor's Vile C |       |       |       |       |    10 |    36 |    11 |    34 |    19 ||   110
         Death Channel     |       |       |       |       |       |     2 |    12 |    11 |     3 ||    28
         Permafrost Erupti |       |       |       |       |       |       |    46 |    85 |    41 ||   172
         Blink             |       |       |       |       |       |       |     2 |     5 |     5 ||    12
         Bombard           |       |       |       |       |       |       |       |    27 |    20 ||    47
         Dispel Undead     |       |       |       |       |       |       |       |   141 |    44 ||   185
Ability: Mud Breath        |       |       |     4 |     8 |     9 |     1 |     1 |     1 |    11 ||    35
         Evoke the Staff o |       |       |       |       |    17 |   120 |       |       |       ||   137
  Evoke: Wand              |       |       |     5 |     8 |    10 |     3 |     5 |    26 |    16 ||    73
         Phial of floods   |       |       |       |     1 |       |     1 |       |     1 |     1 ||     4
         Lightning rod     |       |       |       |       |     8 |       |       |     2 |       ||    10
         Condenser vane    |       |       |       |       |       |     1 |     1 |     3 |     2 ||     7
    Use: Scroll            |     1 |     1 |     7 |     9 |    14 |    14 |    13 |    16 |    20 ||    95
         Potion            |     1 |     3 |       |     4 |     2 |       |     6 |    19 |    34 ||    69
   Stab: Sleeping          |     2 |     5 |    19 |     3 |       |     7 |     3 |     4 |     3 ||    46
         Confused          |       |     1 |     6 |    34 |    86 |    21 |    19 |     4 |     6 ||   177
         Distracted        |       |     1 |     1 |       |     4 |     4 |     7 |    10 |     1 ||    28
         Betrayed ally     |       |       |     1 |       |       |       |       |       |       ||     1
         Paralysed         |       |       |       |     5 |    10 |    14 |     4 |     2 |     5 ||    40
         Petrified         |       |       |       |       |    53 |     8 |       |       |       ||    61
         Petrifying        |       |       |       |       |     2 |     2 |       |       |       ||     4
         Invisible         |       |       |       |       |     8 |       |     3 |     7 |     9 ||    27
 Armour: Skin              |    69 |    39 |   299 |   616 |  1289 |  1219 |  1190 |  1113 |   749 ||  6583
  Dodge: Dodged            |    61 |    32 |   317 |   517 |  1217 |  1203 |   843 |  1029 |   476 ||  5695
  Block: Buckler           |       |       |       |       |       |   292 |   273 |       |       ||   565
         Kite shield       |       |       |       |       |       |       |     5 |  1135 |       ||  1140
         Tower shield      |       |       |       |       |       |       |       |   314 |  1696 ||  2010
   Form: Maw               |       |       |       |       |       |     1 |       |       |       ||     1

Table legend: (Time is in decaauts)
 A = Elapsed time spent in this place.
 B = Non-inter-level travel time spent in this place.
 C = Inter-level travel time spent in this place.
 D = Time resting spent in this place.
 E = Time spent auto-exploring this place.
 F = Levels seen in this place.
 G = Mean time per level.
                   A        B        C        D        E       F      G
               +--------+--------+--------+--------+--------+-----+--------+
         Total |  81717 |  66830 |  14887 |  17304 |  27961 |  59 | 1385.0 |
       Dungeon |  21461 |  14884 |   6577 |   2506 |   6880 |  15 | 1430.7 |
          Lair |   9393 |   7984 |   1409 |   2240 |   3359 |   5 | 1878.6 |
         Swamp |   2457 |   2163 |    294 |    182 |   1179 |   4 |  614.2 |
   Spider Nest |   6093 |   5812 |    281 |   2374 |   2094 |   4 | 1523.2 |
    Slime Pits |   2278 |   1985 |    293 |    538 |    480 |   5 |  455.6 |
  Orcish Mines |   3344 |   2358 |    986 |    232 |   1094 |   2 | 1672.0 |
   Elven Halls |   4681 |   3872 |    809 |    845 |   1939 |   3 | 1560.3 |
        Vaults |   7186 |   5732 |   1454 |   1200 |   3087 |   4 | 1796.5 |
         Crypt |   5509 |   5195 |    314 |   2587 |   1503 |   3 | 1836.3 |
        Depths |   7128 |   5509 |   1619 |    922 |   3147 |   4 | 1782.0 |
           Zot |   9585 |   8738 |    847 |   3123 |   3040 |   5 | 1917.0 |
        Bazaar |     84 |     84 |      0 |      0 |      2 |   1 |   84.0 |
         Sewer |    539 |    539 |      0 |    100 |    105 |   1 |  539.0 |
        Bailey |    525 |    525 |      0 |     36 |      0 |   1 |  525.0 |
       Volcano |    310 |    310 |      0 |     58 |      0 |   1 |  310.0 |
        Wizlab |   1137 |   1137 |      0 |    358 |     52 |   1 | 1137.0 |
               +--------+--------+--------+--------+--------+-----+--------+

Top non-repeatable levels by time:
     D:9: 2694 daAuts
Depths:2: 2640 daAuts
   Zot:4: 2622 daAuts
 Crypt:3: 2579 daAuts
  Lair:2: 2568 daAuts
  Lair:5: 2530 daAuts
   Orc:2: 2373 daAuts
    D:11: 2235 daAuts
Vaults:2: 2184 daAuts
   Zot:3: 2184 daAuts
Vaults:3: 2034 daAuts
Depths:4: 1962 daAuts
 Crypt:2: 1925 daAuts
    D:15: 1850 daAuts
Spider:2: 1831 daAuts
